 Dungeon Crawl Stone Soup version 0.29.1-2-gbd0b4ee654 (webtiles) character file.

Game seed: 9102847089757021769

12062124 Odexios the Shapeless Octopus (level 27, 213/213 HPs)
             Began as an Octopode Summoner on Oct 25, 2022.
             Was the Champion of Jiyva.
             Escaped with the Orb
             ... and 15 runes on Oct 31, 2022!
             The game lasted 10:26:25 (136915 turns).

Odexios the Shapeless Octopus (Octopode Summoner) Turns: 136915, Time: 10:26:25

Health: 213/213    AC:  3    Str: 15    XL:     27
Magic:  72/72      EV: 36    Int: 55    God:    Jiyva [******]
Gold:   20497      SH:  8    Dex: 15    Spells: 8/80 levels left

rFire   + + +      SeeInvis +   w - +8 great sword of the Scorpion {holy, Int+2 Dex+3}
rCold   + + +      Faith    .   (shield currently unavailable)
rNeg    + + .      Spirit   .   (helmet restricted)
rPois   +          Reflect  .   U - amulet "Viap" {Rampage rC+ Will+ Regen+ Slay+3}
rElec   .          Harm     .   K - ring "Nisuycw" {Fly rC+ rN+ MP+9}
rCorr   +          Rampage  +   R - ring "Rapnigad" {Will+ EV+4 Int+2}
Will    +++++      Archmagi +   O - ring "Moucy" {rN+ Will+ SInv Stlth-}
Stlth   ++++......              Y - ring "Waduucesk" {EV+4 Int+7 Stlth-}
HPRegen 3.65/turn               F - ring of the Mage {Wiz Archmagi}
MPRegen 0.93/turn               f - ring of Vetulu {MP+9 Int+4 SInv Stlth+}
                                n - ring "Guloywn" {rPois rCorr Int+6 Dex+2 Stlth+}
                                M - ring "Ewys" {rF++ rC+ Will+}

@: flying, studying Short Blades
A: almost no armour, amphibious, 8 rings, camouflage 1, gelatinous body 1,
(nimble swimmer 1), tentacles, tentacle spike 1, iridescent scales 1, large bone
plates 3, clever 2, fire resistance 1, regeneration 1, strong 2, wild magic 3,
jelly absorbing missiles
0: Orb of Zot
}: 15/15 runes: serpentine, barnacled, slimy, silver, golden, iron, obsidian,
icy, bone, abyssal, demonic, glowing, magical, fiery, dark
a: Renounce Religion, Oozemancy, Slimify


You escaped.
You worshipped Jiyva.
Jiyva was exalted by your worship.
You visited 18 branches of the dungeon, and saw 85 of its levels.
You visited Pandemonium 3 times, and saw 72 of its levels.
You visited the Abyss 2 times.
You also visited: Trove and Bailey.

You collected 32055 gold pieces.
You spent 5120 gold pieces at shops.
You paid 6438 gold pieces to Gozag.

Inventory:

Hand Weapons
 w - the +8 great sword of the Scorpion (weapon) {holy, Int+2 Dex+3}
   (You found it on level 5 of the Pits of Slime)

   It has been blessed by the Shining One to cause great damage to the undead
   and demons.
   Int:       It affects your intelligence (+2).
   Dex:       It affects your dexterity (+3).
Missiles
 d - 19 curare-tipped darts (quivered)
Armour
 P - a +2 hat
Jewellery
 f - the ring of Vetulu (on tentacle) {MP+9 Int+4 SInv Stlth+}
   (You acquired it on level 4 of the Realm of Zot)

   [ring of magical power]

   Int:       It affects your intelligence (+4).
   MP:        It affects your magic capacity (+9).
   SInv:      It lets you see invisible.
   Stlth:     It makes you more stealthy.
 n - the ring "Guloywn" (on tentacle) {rPois rCorr Int+6 Dex+2 Stlth+}
   (You bought it in a shop on level 2 of the Orcish Mines)

   [ring of intelligence]

   Int:       It affects your intelligence (+6).
   Dex:       It affects your dexterity (+2).
   rPois:     It protects you from poison.
   rCorr:     It protects you from acid and corrosion.
   Stlth:     It makes you more stealthy.
 u - a ring of willpower
 x - the ring of Boson {rC+ AC+4 Dex+4}
   (You found it in Pandemonium)

   [ring of protection]

   AC:        It affects your AC (+4).
   Dex:       It affects your dexterity (+4).
   rC:        It protects you from cold.
 F - the ring of the Mage (on tentacle) {Wiz Archmagi}
   (You acquired it on level 2 of the Orcish Mines)

   [ring of wizardry]

   It improves your spell success rate.
   Archmagi:  It increases the power of your magical spells.
 K - the ring "Nisuycw" (left tentacle) {Fly rC+ rN+ MP+9}
   (You bought it in a shop on level 2 of the Orcish Mines)

   [ring of magical power]

   rC:        It protects you from cold.
   rN:        It protects you from negative energy.
   MP:        It affects your magic capacity (+9).
   Fly:       It grants you flight.
 M - the ring "Ewys" (on tentacle) {rF++ rC+ Will+}
   (You acquired it on level 2 of the Orcish Mines)

   [ring of willpower]

   rF:        It greatly protects you from fire.
   rC:        It protects you from cold.
   Will:      It increases your willpower.
 O - the ring "Moucy" (on tentacle) {rN+ Will+ SInv Stlth-}
   (You took it off a deep elf high priest on level 3 of the Elven Halls)

   [ring of positive energy]

   rN:        It protects you from negative energy.
   SInv:      It lets you see invisible.
   Will:      It increases your willpower.
   Stlth:     It makes you less stealthy.
 R - the ring "Rapnigad" (right tentacle) {Will+ EV+4 Int+2}
   (You bought it in a shop on level 12 of the Dungeon)

   [ring of evasion]

   EV:        It affects your evasion (+4).
   Int:       It affects your intelligence (+2).
   Will:      It increases your willpower.
 T - a ring of positive energy
 U - the amulet "Viap" (around mantle) {Rampage rC+ Will+ Regen+ Slay+3}
   (You bought it in a shop on level 2 of the Orcish Mines)

   [amulet of regeneration]

   Slay:      It affects your accuracy & damage with ranged weapons and melee
   (+3).
   rC:        It protects you from cold.
   Regen:     It increases your rate of health regeneration.
   Rampage:   It bestows one free step when moving towards enemies.
   Will:      It increases your willpower.
 X - a ring of protection from fire
 Y - the ring "Waduucesk" (on tentacle) {EV+4 Int+7 Stlth-}
   (You found it on level 3 of the Shoals)

   [ring of evasion]

   EV:        It affects your evasion (+4).
   Int:       It affects your intelligence (+7).
   Stlth:     It makes you less stealthy.
Wands
 t - a wand of flame (216)
 y - a wand of light (42)
 C - a wand of polymorph (45)
 E - a wand of mindburst (49)
 J - a wand of digging (39)
 L - a wand of charming (58)
 Q - a wand of roots (72)
Scrolls
 b - 36 scrolls of teleportation
 c - 7 scrolls of summoning
 e - 18 scrolls of fog
 g - 11 scrolls of torment
 h - 8 scrolls of magic mapping
 j - 11 scrolls of blinking
 m - 14 scrolls of amnesia
 s - 7 scrolls of silence
 B - 19 scrolls of vulnerability
 D - 26 scrolls of fear
 H - 25 scrolls of poison
 V - 10 scrolls of brand weapon
 W - 5 scrolls of enchant weapon
 Z - 9 scrolls of immolation
Potions
 a - 14 potions of might
 i - 50 potions of curing
 k - 8 potions of magic
 l - 7 potions of heal wounds
 o - 12 potions of invisibility
 p - 12 potions of haste
 q - 17 potions of brilliance
 r - 16 potions of attraction
 v - 8 potions of mutation
 A - 15 potions of lignification
 G - 8 potions of berserk rage
 N - 12 potions of cancellation
 S - 14 potions of resistance
Miscellaneous
 z - a phantom mirror
 I - a figurine of a ziggurat


   Skills:
 O Level 27 Fighting
 - Level 3.0 Short Blades
 O Level 27 Dodging
 O Level 27 Stealth
 O Level 27 Unarmed Combat
 O Level 27 Spellcasting
 - Level 19.0 Summonings
 O Level 27 Necromancy
 - Level 9.0 Translocations
 O Level 27 Transmutations
 - Level 3.0 Ice Magic
 O Level 27 Air Magic
 O Level 27 Earth Magic
 + Level 18.3 Evocations


You had 8 spell levels left.
You knew the following spells:

 Your Spells              Type           Power      Damage    Failure   Level
a - Sublimation of Blood  Necr           100%       N/A       1%          2
b - Blink                 Tloc           100%       N/A       1%          2
c - Call Canine Familiar  Summ           100%       N/A       1%          3
d - Storm Form            Tmut/Air       100%       N/A       1%          7
e - Borgnjor's Revivific  Necr           100%       N/A       1%          8
f - Summon Cactus Giant   Summ           100%       N/A       1%          6
g - Monstrous Menagerie   Summ           100%       N/A       1%          7
h - Borgnjor's Vile Clut  Necr/Erth      100%       N/A       1%          5
i - Maxwell's Capacitive  Air            100%       ∞         1%          8
j - Summon Horrible Thin  Summ           100%       N/A       1%          8
k - Shatter               Erth           100%       3d71*     1%          9
l - Wereblood             Tmut           100%       N/A       1%          2
z - Manifold Assault      Tloc           100%       N/A       1%          5

Your spell library contained the following spells:

 Spells                   Type           Power      Damage    Failure   Level
 Apportation              Tloc           100%       N/A       1%          1
 Foxfire                  Conj/Fire      100%       2x1d9     1%          1
 Magic Dart               Conj           100%       1d8       1%          1
 Necrotise                Necr           100%       1d9       1%          1
 Sandblast                Erth           100%       2d20      1%          1
 Shock                    Conj/Air       100%       1d9       1%          1
 Slow                     Hex            100%       N/A       1%          1
 Summon Small Mammal      Summ           100%       N/A       1%          1
 Call Imp                 Summ           100%       N/A       1%          2
 Ensorcelled Hibernation  Hex/Ice        100%       N/A       1%          2
 Passwall                 Tmut/Erth      100%       N/A       1%          2
 Scorch                   Fire           100%       2d10      1%          2
 Searing Ray              Conj           100%       2d8       1%          2
 Static Discharge         Conj/Air       100%       3-16/arc  1%          2
 Confusing Touch          Hex            100%       N/A       1%          3
 Conjure Flame            Conj/Fire      100%       6-21      1%          3
 Dazzling Flash           Conj/Hex       100%       N/A       1%          3
 Frozen Ramparts          Ice            100%       1d16      1%          3
 Gell's Gravitas          Tloc           100%       N/A       1%          3
 Ignite Poison            Fire/Tmut/Pois 100%       N/A       1%          3
 Inner Flame              Hex/Fire       100%       N/A       1%          3
 Lesser Beckoning         Tloc           100%       N/A       1%          3
 Mephitic Cloud           Conj/Pois/Air  100%       N/A       1%          3
 Ozocubu's Armour         Ice            100%       N/A       1%          3
 Portal Projectile        Hex/Tloc       100%       N/A       1%          3
 Spider Form              Tmut/Pois      100%       N/A       1%          3
 Stone Arrow              Conj/Erth      100%       3d13      1%          3
 Summon Guardian Golem    Hex/Summ       100%       N/A       1%          3
 Swiftness                Air            100%       N/A       1%          3
 Teleport Other           Tloc           100%       N/A       1%          3
 Tukima's Dance           Hex            100%       N/A       1%          3
 Vampiric Draining        Necr           100%       2d13      1%          3
 Airstrike                Air            100%       2d(15-31) 1%          4
 Anguish                  Hex/Necr       94%        N/A       1%          4
 Corpse Rot               Necr/Pois/Air  100%       N/A       1%          4
 Dispel Undead            Necr           100%       3d31      1%          4
 Hailstorm                Conj/Ice       100%       3d20      1%          4
 Ice Form                 Ice/Tmut       100%       N/A       1%          4
 Iskenderun's Mystic Bla  Conj/Tloc      100%       2d19      1%          4
 Leda's Liquefaction      Hex/Erth       94%        N/A       1%          4
 Petrify                  Tmut/Erth      100%       N/A       1%          4
 Summon Ice Beast         Ice/Summ       100%       N/A       1%          4
 Summon Lightning Spire   Summ/Air       100%       N/A       1%          4
 Agony                    Necr           100%       N/A       1%          5
 Alistair's Intoxication  Tmut/Pois      100%       N/A       1%          5
 Blade Hands              Tmut           100%       N/A       1%          5
 Freezing Cloud           Conj/Ice/Air   88%        6-21      1%          5
 Irradiate                Conj/Tmut      94%        3d43      1%          5
 Lee's Rapid Deconstruct  Erth           100%       3d45*     1%          5
 Lightning Bolt           Conj/Air       94%        1d123     1%          5
 Silence                  Hex/Air        94%        N/A       1%          5
 Summon Forest            Summ/Tloc      95%        N/A       1%          5
 Summon Mana Viper        Hex/Summ       100%       N/A       1%          5
 Yara's Violent Unravell  Hex/Tmut       94%        3d34      1%          5
 Conjure Ball Lightning   Conj/Air       94%        3x3d36    1%          6
 Death Channel            Necr           100%       N/A       1%          6
 Dispersal                Tloc           86%        N/A       1%          6
 Eringya's Noxious Bog    Tmut/Pois      94%        N/A       1%          6
 Iron Shot                Conj/Erth      94%        9d17      1%          6
 Simulacrum               Ice/Necr       96%        N/A       1%          6
 Statue Form              Tmut/Erth      100%       N/A       1%          6
 Dragon Form              Tmut           100%       N/A       1%          7
 Malign Gateway           Summ/Tloc      95%        N/A       1%          7
 Summon Hydra             Summ           100%       N/A       1%          7
 Infestation              Necr           100%       N/A       1%          8
 Necromutation            Tmut/Necr      100%       N/A       1%          8
 Cause Fear               Hex            59%        N/A       2%          4
 Flame Wave               Conj/Fire      100%       2d21      2%          4
 Fulminant Prism          Conj/Hex       59%        3d25      2%          4
 Olgreb's Toxic Radiance  Pois           100%       N/A       2%          4
 Sticky Flame             Conj/Fire      100%       2d11      2%          4
 Metabolic Englaciation   Hex/Ice        65%        N/A       3%          5
 Spellforged Servitor     Conj/Summ      87%        N/A       4%          7
 Lehudib's Crystal Spear  Conj/Erth      94%        10d21     4%          8
 Fireball                 Conj/Fire      59%        3d23      5%          5
 Iskenderun's Battlesphe  Conj           100%       2d15      5%          5
 Starburst                Conj/Fire      59%        6d16      17%         6
 Disjunction              Tloc           86%        N/A       19%         8
 Ozocubu's Refrigeration  Ice            70%        4d23      24%         7
 Enfeeble                 Hex            59%        N/A       54%         7
 Orb of Destruction       Conj           59%        9d14      54%         7
 Discord                  Hex            59%        N/A       98%         8
 Ignition                 Fire           59%        3d16      98%         8
 Polar Vortex             Ice            70%        N/A       100%        9


Dungeon Overview and Level Annotations

Branches:
Dungeon (15/15)            Temple (1/1) D:6            Lair (5/5) D:10
 Shoals (4/4) Lair:3        Snake (4/4) Lair:2        Slime (5/5) Lair:5
    Orc (2/2) D:12            Elf (3/3) Orc:2        Vaults (5/5) D:14
  Crypt (3/3) Vaults:2       Tomb (3/3) Crypt:3      Depths (4/4) D:15
   Hell (visited)             Dis (7/7) Hell            Geh (7/7) Hell
    Coc (7/7) Hell            Tar (7/7) Hell            Zot (5/5) Depths:4
 Bailey (visited)

Altars:
Ashenzari
Cheibriados
Dithmenos
Elyvilon
Fedhas
Gozag
Hepliaklqana
Kikubaaqudgha
Makhleb
Nemelex Xobeh
Okawaru
Qazlal
Ru
Sif Muna
Trog
Uskayaw
Vehumet
Wu Jian
Xom
Yredelemnul
Zin
The Shining One
Ignis
Jiyva
Lugonu

Shops:
D:3 ?   D:12 ==   Orc:1 =   Orc:2 ?[=!=(:   Elf:2 ?   Elf:3 (   Snake:1 **
Snake:3 [   Snake:4 *   Vaults:2 [   Vaults:4 [   Depths:3 *(

Portals:
Hell: Depths:1 Depths:2 Depths:3 Depths:4
Abyss: Lair:5 Depths:3 Depths:4
Pandemonium: Depths:2
Ziggurat: Depths:2

Annotations:
Slime:3 Dissolution
Slime:5 Royal Jelly


Innate Abilities, Weirdness & Mutations

You cannot wear most types of armour.
You are amphibious.
You can wear up to eight rings at the same time.
Your skin changes colour to match your surroundings (Stealth+).
Your rubbery body absorbs attacks. (AC +1, EV +1)
((You are camouflaged when in or above water. (Stealth+)))
You have tentacles for arms and can constrict up to eight enemies at once.
One of your tentacles bears a spike.
You are partially covered in iridescent scales. (AC +2)
You are completely covered in large bone plates. (SH +8)
Your mind is very acute. (Int +8, Str/Dex -2)
Your flesh is heat resistant. (rF+)
Your natural rate of healing is unusually fast.
Your muscles are very strong. (Str +8, Int/Dex -2)
Your spells are much harder to cast, but much more powerful.
You have a small jelly attached to you that may absorb projectiles.


Message History

Unknown command.
Jiyva says: Divide and consume!
An Orb Guardian comes into view.
Casting: Storm Form (mildly dangerous; 1% risk of failure)
Confirm with . or Enter, or press ? or * to list all spells.
You feel a surge of power!
Space momentarily warps into an impossible shape!
You blast the Orb Guardian!!!!
Lightning courses through the Orb Guardian!
You kill the Orb Guardian!
You hear a distant slurping noise.
You hear a distant slurping noise.
The door mysteriously vanishes.
You start waiting.
A shadow demon is nearby!
Unknown command.
Casting: Manifold Assault (mildly dangerous; 1% risk of failure)
Confirm with . or Enter, or press ? or * to list all spells.
You feel a surge of power!
You begin accumulating electric charge. (Press . to continue charging.)
You feel charge building up...
Unknown command.
You feel charge building up... The shadow demon completely misses you.
The electricity discharges through the shadow demon!
The shadow demon vaporises in an electric haze!
You kill the shadow demon!
You start resting.
Magic restored.
Unknown command.
You start waiting.
You hear a slurping noise.
You hear a distant slurping noise.
You hear a squelching noise.
You hear a slurping noise.
Your transformation is almost over.
You start waiting.
Your transformation has ended.
The +8 great sword of the Scorpion {holy, Int+2 Dex+3} unmelds from your body.
The +8 great sword of the Scorpion {holy, Int+2 Dex+3} softly glows with a divine radiance!
Unknown command.
You have escaped!

...#.###.................#.#
.....#...###############.#.#
##.###.#.#.............#.#.#
#........#.............#.#.#
.....###.#........÷....#...#
.........#######'#######.#.#
.....###.#.............#.#.#
#...####..⌠....###....⌠'.#.######
#####....#......@......#.#......†
# #..#.#..⌠...>...⌠..#.#######. #
#....###'#######'###.# #. #
#.##.................# #.
#####.###.################ #.
......###.######.## #.
######............# #.
#.#########.###############. #.#
#.................


There were no monsters in sight!

Vanquished Creatures
  Cerebov (Pan)
  Antaeus (Coc:7)
  Asmodeus (Geh:7)
  Ereshkigal (Tar:7)
  the Serpent of Hell (Dis:7)
  Gloorx Vloq (Pan)
  A seraph (Pan)
  Lom Lobon (Pan)
  Mnoleg (Pan)
  8 dread liches
  5 ancient liches
  Dispater (Dis:7)
  Mennas (Crypt:1)
  11 orbs of fire
  The ghost of runemage the Bringer of Light, a legendary GnFi of the Shining One (Zot:2)
  5 juggernauts
  48 royal mummies
  3 Killer Klowns
  34 shard shrikes
  Boris (thrice) (Crypt:1 Depths:1 Depths:4)
  Vv (Depths:2)
  Margery (Vaults:5)
  Saint Roka (Crypt:3)
  2 curse toes
  Geryon (Hell)
  7 golden dragons
  14 caustic shrikes
  2 pearl dragons (Pan)
  55 pandemonium lords
  60 Tzitzimimeh
  14 bone dragons
  6 doom hounds
  55 Brimstone Fiends
  19 profane servitors
  56 Hell Sentinels
  14 hellephants
  39 Ice Fiends
  6 electric golems
  14 iron giants
  23 titans
  37 searing wretches
  28 Orb Guardians
  A walking earthen tome (Depths:2)
  21 tentacled monstrosities
  21 tainted leviathans
  11 quicksilver dragons
  9 liches
  2 acid blobs (Slime:2)
  A walking frostbound tome (Depths:3)
  A deep elf master archer (Elf:3)
  3 deep elf blademasters
  Frances (Shoals:2)
  93 Executioners
  Polyphemus (Shoals:4)
  26 ancient champions
  13 shadow dragons
  17 death cobs
  An eldritch tentacle (Pan)
  8 draconian monks
  10 sphinxes
  17 storm dragons
  6 tengu reavers
  12 fire giants
  6 revenants
  2 azure jellies (Slime:2)
  17 narguns
  3 rockslimes (Slime:3)
  5 draconian scorchers
  44 demonspawn warmongers
  2 draconian knights
  2 nagarajas (Snake:4)
  17 daevas
  15 vault wardens
  12 frost giants
  6 curse skulls
  14 quicksilver elementals
  5 iron dragons
  4 deep elf sorcerers (Elf:3)
  97 balrugs
  16 ghost moths
  82 cacodemons (Pan)
  An orc warlord (Elf:3)
  4 deep elf elementalists (Elf:3)
  2 spectral juggernauts
  26 angels (Pan)
  A spectral caustic shrike (Tar:1)
  5 shard shrike simulacra
  The ghost of TowerOfEmptiness the Severer, a journeyman MiFi of Okawaru (Snake:1)
  9 draconian shifters
  9 draconian stormcallers
  5 draconian annihilators
  A caustic shrike skeleton (Tomb:3)
  23 ironbound preservers
  2 spriggan defenders
  62 reapers
  2 ghouls (Crypt:1)
  48 demonspawn blood saints (Pan)
  17 ophanim (Pan)
  14 war gargoyles
  A juggernaut skeleton (Tomb:3)
  25 very ugly things
  12 bennus
  8 ironbound thunderhulks
  25 demonspawn corrupters (Pan)
  17 stone giants
  57 demonspawn black suns
  13 vampire knights
  16 green draconians
  12 purple draconians
  9 red draconians
  26 elemental wellsprings
  76 lorocyprocas
  20 apis (Pan)
  8 deep elf demonologists
  26 wendigos
  24 putrid mouths
  6 entropy weavers
  15 black draconians
  A spectral titan (Tar:1)
  7 white draconians
  14 yellow draconians
  10 deep elf annihilators
  7 spark wasps
  76 blizzard demons
  10 iron golems
  9 eidola
  4 merfolk javelineers
  12 dire elephants
  A fire dragon (shapeshifter) (Vaults:5)
  14 ettins
  31 mummy priests
  13 jiangshi
  8 deep elf death magi
  5 spectral quicksilver dragons
  72 green deaths (Pan)
  4 merfolk impalers
  8 fire dragons
  A spectral kraken (Tar:7)
  10 deep elf high priests
  15 yaktaur captains
  A spectral iron giant (Tar:1)
  10 rakshasas
  4 salamander tyrants
  5 caustic shrike simulacra
  7 spectral spriggans
  A spriggan zombie (Tomb:1)
  5 hydras
  32 vault guards
  7 boulder beetles
  10 ice dragons
  34 hell beasts
  9 juggernaut simulacra
  6 ironbound frosthearts
  2 merfolk avatars
  6 centaur warriors
  3 merfolk aquamancers (Shoals:4)
  8 anacondas
  4 spriggan air magi (Depths:4)
  An ogre mage (Vaults:2)
  A catoblepas (D:13)
  5 two-headed ogres (D:13)
  2 two-headed ogres (shapeshifter)
  2 death knights
  10 stokers
  2 fenstrider witch skeletons
  26 dancing weapons
  5 deep troll shamans
  A death yak (Shoals:4)
  3 naga warriors
  3 satyrs
  A spriggan berserker (Depths:4)
  9 vampire magi
  A thrashing horror (Lair:5)
  11 tengu warriors
  25 death scarabs
  A titan zombie (Tomb:2)
  6 holy swine (Pan)
  A spectral storm dragon (Zot:2)
  A spectral dire elephant (Tar:1)
  287 sun demons
  39 hell hogs
  8 shock serpents
  3 orc high priests
  16 hell knights
  9 deep troll earth magi
  4 naga sharpshooters
  26 deep elf knights
  199 soul eaters
  An emperor scorpion zombie (Crypt:3)
  8 crystal echidnas
  4 salamander mystics (Snake:4)
  A spectral anaconda (Tar:2)
  2 titan skeletons (Pan)
  29 shadow wraiths
  8 iron trolls
  90 sixfirhies
  30 skeletal warriors
  An iron giant zombie (Crypt:1)
  47 shadow demons
  14 cherubim (Pan)
  A spatial maelstrom (Abyss:3)
  5 quicksilver dragon simulacra
  55 deep trolls
  10 sea snakes
  2 flayed ghosts (Depths:3)
  7 deep elf archers
  An anaconda zombie (Hell)
  A deep troll (shapeshifter) (Vaults:5)
  A spriggan rider (Depths:4)
  2 naga ritualists (Snake:4)
  A bunyip skeleton (Pan)
  14 wizards
  A spectral iron dragon (Tar:6)
  An orange crystal statue (Zot:5)
  4 spriggan simulacra
  2 fenstrider witch simulacra
  A wolf spider (Vaults:5)
  An obsidian statue (Depths:4)
  16 harpies
  18 ironbound convokers
  28 phantasmal warriors
  6 orc knights
  2 anaconda skeletons (Pan)
  A shadow dragon skeleton (Crypt:3)
  15 lindwurms
  A cyclops (shapeshifter) (Vaults:4)
  41 deep elf pyromancers
  A mana viper (Snake:4)
  10 necromancers
  An orc sorcerer (Orc:1)
  26 deep elf zephyrmancers
  A spectral ettin (Tar:2)
  4 salamanders
  10 fauns
  54 ugly things
  3 cyclopes
  10 manticores
  A spectral alligator snapping turtle (Tar:1)
  An elephant (Abyss:3)
  35 moths of wrath
  A centaur zombie (Tomb:3)
  A stone giant skeleton (Vaults:5)
  14 vault sentinels
  An elephant (shapeshifter) (Vaults:5)
  A stone giant zombie (Crypt:1)
  A fire giant skeleton (Crypt:3)
  3 spectral centaurs
  4 guardian serpents
  A naga zombie (Crypt:2)
  7 merfolk sirens
  A black mamba (shapeshifter) (D:15)
  4 ice statues
  7 black mambas
  5 molten gargoyles (Hell)
  27 rust devils
  6 naga magi
  211 smoke demons
  A guardian serpent (shapeshifter) (D:13)
  A torpor snail (shapeshifter) (Vaults:5)
  6 water nymphs
  91 orange demons
  2 titan simulacra
  3 unseen horrors
  10 spectral swamp worms (Tar:7)
  62 hellions
  A yaktaur zombie (Vaults:5)
  2 storm dragon simulacra (Coc:1)
  A rime drake (Lair:2)
  8 centaur skeletons
  33 yaktaurs
  An orc skeleton (Pan)
  2 gargoyles (D:13)
  11 freezing wraiths
  3 bunyip simulacra
  64 demonic crawlers
  A rime drake (shapeshifter) (D:13)
  6 efreet (Pan)
  13 ice devils
  5 iron giant simulacra
  8 tengu conjurers
  53 tormentors
  5 anaconda simulacra
  An alligator snapping turtle skeleton (Crypt:3)
  29 red devils
  5 spectral nagas
  2 catoblepas skeletons
  A troll (D:14)
  A komodo dragon (Lair:4)
  A golden dragon simulacrum (Coc:5)
  A spectral two-headed ogre (Tar:2)
  8 spectral harpies
  2 ancient zymes
  77 hellwings
  A silent spectre (Tar:1)
  2 hydra zombies (Hell)
  60 guardian mummies
  206 large abominations
  3 hornets
  A polar bear (Lair:4)
  40 slime creatures
  A tarantella (shapeshifter) (Elf:3)
  A wolf spider simulacrum (D:15)
  2 hydra skeletons (Hell)
  A snapping turtle (Shoals:3)
  3 wind drakes (Shoals:4)
  13 merfolk
  2 harpy skeletons
  7 blink frogs
  A death drake skeleton (Crypt:2)
  A dream sheep (Shoals:3)
  A human simulacrum (Coc:1)
  An alligator zombie (Hell)
  An elf zombie (Vaults:5)
  6 stone giant simulacra
  A draconian simulacrum (Zot:2)
  3 iron dragon simulacra
  7 air elementals
  An alligator skeleton (Hell)
  28 flying skulls
  9 shadows (Crypt:3)
  26 water elementals
  A yak (shapeshifter) (D:13)
  233 ynoxinuls
  A black mamba zombie (Crypt:2)
  A fire dragon skeleton (Pan)
  A vampire (D:11)
  2 spriggans (Depths:4)
  15 wraiths
  A centaur simulacrum (Coc:2)
  17 ushabtiu
  6 dire elephant simulacra
  3 yaks
  3 nameless horrors
  A culicivora (Vaults:2)
  93 neqoxecs
  3 vampire mosquitoes
  3 fire elementals
  A sea snake simulacrum (Hell)
  A steam dragon (D:9)
  Grum (D:8)
  2 alligator snapping turtle simulacra (Coc:2)
  A yaktaur simulacrum (Vaults:5)
  125 chaos spawn
  11 harpy simulacra
  2 small abominations
  3 wargs
  5 water moccasins
  5 spatial vortices (Abyss:3)
  A two-headed ogre zombie (Tomb:2)
  10 nagas
  3 hydra simulacra
  9 hell hounds (Pan)
  8 orc warriors
  2 swamp dragon zombies
  An ogre (Orc:1)
  4 ettin simulacra
  4 wolves
  13 centaurs
  7 boggarts
  A lindwurm skeleton (Crypt:3)
  3 human zombies
  2 kobold brigands (D:14)
  5 bullfrogs
  3 earth elementals
  A cyclops zombie (Crypt:1)
  3 naga simulacra
  2 necrophages (Crypt:1)
  A yaktaur skeleton (Crypt:3)
  A wight (D:8)
  A cyclops skeleton (Crypt:2)
  A shapeshifter zombie (Crypt:1)
  A troll zombie (Crypt:2)
  A warg skeleton (Crypt:2)
  A howler monkey (D:7)
  A polar bear skeleton (Crypt:1)
  3 spriggan skeletons
  An electric eel (Lair:2)
  A crimson imp (Abyss:2)
  A bullfrog zombie (Crypt:2)
  A hound (D:6)
  12 orc priests
  2 iguanas
  10 orc wizards
  2 human skeletons (Crypt:1)
  A lightning spire (Zot:1)
  39 mummies
  3 adders
  3 gnolls
  A steam dragon zombie (Crypt:1)
  A swamp drake skeleton (Crypt:1)
  2 white imps (D:6)
  An ufetubus (Abyss:2)
  A worm zombie (Crypt:3)
  A worm (D:5)
  2 dart slugs (D:5)
  21 orcs
  7 bats
  A bat zombie (Crypt:3)
  An endoplasm (D:1)
  2 giant cockroaches
  4 hobgoblins
  2 quokkas
  3 ball pythons
  3 frilled lizards
  A frilled lizard skeleton (Crypt:3)
  A gnoll zombie (Crypt:3)
  3 goblins
  4 kobolds
  A quokka zombie (Crypt:1)
  5 rats
  A ball lightning (Pan)
  10 butterflies (Vaults:2)
  7 creeping infernos
  37 fire vortices
  4 plants
  3 tentacles
5745 creatures vanquished.

Vanquished Creatures (collateral kills)
  A Killer Klown (Zot:5)
  Vashnia (Snake:4)
  Nikola (Elf:3)
  A Brimstone Fiend (Pan)
  2 Tzitzimimeh (Pan)
  2 Ice Fiends
  A deep elf master archer (Elf:3)
  A kraken (Shoals:3)
  2 acid blobs (Slime:1)
  A sphinx (D:12)
  A tentacled starspawn (Abyss:2)
  A storm dragon (Shoals:4)
  2 rockslimes
  A tengu reaver (D:12)
  2 nagarajas (Snake:4)
  2 fire giants (D:12)
  An iron dragon (Depths:2)
  A vault warden (Vaults:2)
  Aizul (Snake:2)
  A draconian shifter (Zot:5)
  A very ugly thing (Vaults:5)
  A stone giant (D:12)
  A vampire knight (Depths:2)
  A demonspawn black sun (Pan)
  Azrael (D:12)
  3 merfolk javelineers
  2 ettins (D:12)
  4 merfolk impalers
  Fannar (D:12)
  2 deep elf high priests (Vaults:5)
  A rakshasa (D:12)
  2 yaktaur captains (Vaults:5)
  6 hydras
  A boulder beetle (D:11)
  18 anacondas
  3 two-headed ogres
  A peacekeeper (Vaults:1)
  2 centaur warriors
  2 satyrs
  Erica (D:8)
  A salamander tyrant (Snake:4)
  A catoblepas (Shoals:4)
  4 merfolk aquamancers
  8 naga warriors
  6 death yaks
  5 orc high priests (Orc:2)
  12 naga sharpshooters
  3 thrashing horrors
  8 shock serpents
  Sonja (Orc:2)
  2 soul eaters (Pan)
  A fire crab (Lair:3)
  2 sun demons (Pan)
  2 wretched stars (Abyss:2)
  2 salamander mystics (Snake:4)
  Nergalle (D:12)
  3 deep trolls (Vaults:1)
  3 naga ritualists
  5 sea snakes
  The ghost of topfpfpflanze the Firebug, a novice DsFE of Vehumet (D:8)
  A wizard (Depths:2)
  An ironbound convoker (Vaults:1)
  7 lindwurms
  A lindwurm (shapeshifter) (D:13)
  3 deep elf pyromancers (D:13)
  An obsidian statue (Snake:1)
  2 harpies (Shoals:3)
  5 mana vipers
  3 fauns
  A deep elf zephyrmancer (Elf:2)
  7 ugly things
  A wolf spider (Lair:2)
  8 manticores
  7 salamanders
  4 shining eyes
  3 cyclopes
  2 orc sorcerers
  Maurice (D:8)
  Joseph (D:8)
  3 smoke demons
  13 elephants
  18 black mambas
  5 water nymphs
  A merfolk siren (Shoals:3)
  14 naga magi
  3 gargoyles (D:12)
  2 eyes of devastation
  A vault sentinel (Vaults:1)
  4 guardian serpents (Snake:4)
  An orange demon (Pan)
  11 cane toads
  An efreet (D:12)
  3 kobold demonologists
  A yaktaur (D:12)
  4 rime drakes
  A demonic crawler (Pan)
  A tormentor (Pan)
  A tengu conjurer (D:12)
  An ancient zyme (Lair:5)
  11 komodo dragons
  A harpy zombie (Abyss:2)
  A hellwing (Abyss:2)
  6 large abominations
  2 polar bears
  12 merfolk
  4 trolls
  A hornet (D:10)
  A wind drake (shapeshifter) (Abyss:2)
  17 blink frogs
  A raiju (Abyss:2)
  2 snapping turtles
  4 wind drakes
  A wolf spider simulacrum (D:12)
  26 slime creatures
  9 dream sheep
  A centaur simulacrum (D:12)
  4 shadows
  An ushabti (Tomb:3)
  3 wyverns
  2 spriggans (Lair:5)
  3 fire elementals (D:12)
  2 wraiths (D:9)
  4 ynoxinuls
  5 air elementals (Shoals:4)
  15 water elementals
  8 basilisks
  Eustachio (D:6)
  5 chaos spawn
  31 yaks
  A neqoxec (Abyss:2)
  3 steam dragons (D:6)
  A spatial vortex (Abyss:3)
  6 vampire mosquitoes
  6 wargs (Orc:2)
  An acid dragon (D:6)
  27 nagas
  8 water moccasins
  A hell hound (D:12)
  18 orc warriors
  A black bear (Lair:2)
  34 wolves
  5 ogres
  10 small abominations (Lair:5)
  6 centaurs
  7 kobold brigands
  2 scorpions
  10 bullfrogs
  3 gnoll sergeants
  4 wights (D:8)
  A troll zombie (D:12)
  4 killer bees (D:10)
  5 howler monkeys
  A quasit (Abyss:2)
  A jelly (D:4)
  27 orc priests
  2 gnoll boudas
  An iguana (D:7)
  18 orc wizards
  4 hell rats (Lair:4)
  7 ogre zombies (D:12)
  10 adders
  19 gnolls
  A white imp (Abyss:2)
  3 nameless horrors
  An ufetubus (D:6)
  2 dart slugs
  76 orcs
  10 endoplasms
  6 giant cockroaches (D:1)
  4 goblins
  4 hobgoblins
  2 jackals (D:1)
  9 kobolds
  A quokka (D:1)
  3 ball pythons (D:3)
  3 bats (D:1)
  A frilled lizard (D:1)
  2 goblin skeletons (D:12)
  3 goblin zombies (D:12)
  2 hobgoblin skeletons
  2 hobgoblin zombies (D:12)
  5 orc skeletons (D:12)
  12 orc zombies (D:12)
  4 rats
  4 butterflies (Vaults:2)
  A lurking horror (Abyss:2)
  2 tentacles (Shoals:3)
900 creatures vanquished.

Vanquished Creatures (others)
  A Brimstone Fiend (Pan)
  A sphinx (Vaults:5)
  2 eldritch tentacles (Pan)
  A quicksilver dragon (shapeshifter) (Vaults:5)
  An azure jelly (Coc:5)
  A frost giant (Coc:3)
  A cacodemon (Pan)
  A stone giant (Vaults:5)
  An elemental wellspring (Coc:6)
  A demonspawn blood saint (Pan)
  A deep elf demonologist (Vaults:3)
  A very ugly thing (Vaults:1)
  A demonspawn black sun (Pan)
  2 deep elf annihilators
  7 great orbs of eyes
  A yaktaur captain (Vaults:4)
  A juggernaut simulacrum (Coc:6)
  An ironbound frostheart (Vaults:1)
  2 caustic shrike simulacra (Coc:5)
  A stoker (Geh:7)
  A two-headed ogre (D:9)
  A centaur warrior (Vaults:4)
  A death scarab (Tomb:2)
  A merfolk aquamancer (Shoals:4)
  A sun demon (Pan)
  A storm dragon skeleton (Vaults:4)
  A flayed ghost (Depths:2)
  A sixfirhy (Pan)
  2 deep trolls (Vaults:1)
  3 glowing orange brains
  A shadow demon (Pan)
  A quicksilver dragon simulacrum (Coc:7)
  4 wizards
  A harpy (shapeshifter) (Vaults:5)
  A deep elf pyromancer (D:13)
  An ironbound convoker (Vaults:2)
  An orc knight (Bailey)
  A spriggan simulacrum (Coc:6)
  A deep elf zephyrmancer (Elf:2)
  2 necromancers (Vaults:4)
  A human zombie (Vaults:4)
  3 ugly things
  A salamander (Snake:4)
  A shadow dragon skeleton (Vaults:4)
  A cyclops (D:13)
  A naga mage (Snake:4)
  An elf zombie (Vaults:4)
  7 smoke demons (Pan)
  An orange demon (Pan)
  A centaur skeleton (Tomb:3)
  3 yaktaurs
  3 hellwings (Pan)
  22 slime creatures
  Prince Ribbit (Lair:2)
  A blink frog (Lair:2)
  An ettin skeleton (Vaults:4)
  A large abomination (Pan)
  A centaur simulacrum (D:12)
  7 ynoxinuls (Pan)
  3 chaos spawn (Pan)
  A redback (Vaults:1)
  4 neqoxecs (Pan)
  2 golden eyes (Pan)
  A harpy simulacrum (Coc:5)
  A black bear (shapeshifter) (Pan)
  A human simulacrum (Vaults:4)
  A howler monkey (D:13)
  588 jellies
  A jelly (shapeshifter) (Vaults:5)
  An orc priest (D:13)
  2 orc wizards
  A mummy (Tomb:1)
  An orc (D:13)
  10 ball lightnings (Pan)
  2 blocks of ice (Pan)
  2 butterflies (Vaults:2)
  4 fire vortices
  24 fungi
  207 plants
  4 starspawn tentacles
  9 tentacles
  4 withered plants (Depths:4)
988 creatures vanquished.

Grand Total: 7633 creatures vanquished

Notes
Turn   | Place    | Note
-------+----------+-------------------------------------------
     0 | D:1      | Odexios the Octopode Summoner began the quest for the Orb.
     0 | D:1      | Reached XP level 1. HP: 11/11 MP: 3/3
     3 | D:1      | Found a runed translucent door.
   161 | D:1      | Reached XP level 2. HP: 17/17 MP: 3/5
   164 | D:1      | Learned a level 2 spell: Call Imp
   359 | D:1      | Found a faded altar of an unknown god.
  1073 | D:1      | Reached XP level 3. HP: 21/21 MP: 0/6
  1298 | D:2      | Reached skill level 5 in Summonings
  1400 | D:2      | Reached XP level 4. HP: 27/27 MP: 5/7
  2383 | D:3      | Found Xugec's Magic Scroll Shoppe.
  2401 | D:3      | Bought a scroll of identify for 22 gold pieces
  2622 | D:3      | Reached XP level 5. HP: 31/31 MP: 4/8
  2954 | D:4      | Learned a level 3 spell: Call Canine Familiar
  3173 | D:4      | Found a sparkling altar of Nemelex Xobeh.
  3219 | D:4      | Found a bloodstained altar of Trog.
  3331 | D:4      | Reached XP level 6. HP: 36/36 MP: 6/9
  3385 | D:5      | Entered Level 5 of the Dungeon
  3860 | D:4      | Learned a level 3 spell: Summon Guardian Golem
  3997 | D:5      | Reached XP level 7. HP: 41/41 MP: 7/11
  4658 | D:5      | You fall into a shaft and drop 1 floor!
  4675 | D:6      | Noticed a steam dragon
  4680 | D:6      | Reached XP level 8. HP: 45/46 MP: 7/12
  4897 | D:6      | Reached skill level 10 in Summonings
  4969 | D:6      | Noticed Eustachio
  5016 | D:6      | Killed Eustachio
  5078 | D:6      | Learned a level 4 spell: Summon Lightning Spire
  5154 | D:6      | Reached XP level 9. HP: 51/51 MP: 6/13
  5206 | D:6      | Found a staircase to the Ecumenical Temple.
  5215 | Temple   | Entered the Ecumenical Temple
  5277 | Temple   | Became a worshipper of Gozag Ym Sagoz the Greedy
  5421 | D:6      | Reached skill level 1 in Air Magic
  6314 | D:8      | Reached skill level 1 in Fighting
  6420 | D:8      | Noticed Maurice
  6428 | D:8      | Killed Maurice
  6976 | D:8      | Noticed topfpfpflanze's ghost (novice DsFE)
  7058 | D:8      | Found a runed translucent door.
  7068 | D:8      | Reached XP level 10. HP: 63/63 MP: 6/14
  7158 | D:8      | Noticed Erica
  7324 | D:8      | Killed Erica
  7325 | D:8      | Reached skill level 5 in Air Magic
  7466 | D:8      | Noticed Joseph
  7484 | D:8      | Killed Joseph
  7600 | D:8      | Noticed Grum
  7618 | D:8      | Killed Grum
  7796 | D:8      | Found a glowing golden altar of the Shining One.
  7797 | D:8      | Found a glowing silver altar of Zin.
  7799 | D:8      | Found a shadowy altar of Dithmenos.
  7800 | D:8      | Found an iron altar of Okawaru.
  8246 | D:9      | Found a sacrificial altar of Ru.
  8359 | D:9      | Found a snail-covered altar of Cheibriados.
  8537 | D:9      | Noticed a two-headed ogre
  8545 | D:9      | Killed a two-headed ogre
  9053 | D:9      | Found a burning altar of Makhleb.
  9129 | D:10     | Entered Level 10 of the Dungeon
  9227 | D:10     | Reached skill level 15 in Summonings
  9227 | D:10     | Reached XP level 11. HP: 67/67 MP: 6/15
  9388 | D:10     | Found a flagged portal.
  9412 | Bailey   | Entered a bailey
  9705 | Bailey   | Noticed an orc knight
  9714 | Bailey   | Killed an orc knight
  9801 | Bailey   | Found a large runed translucent door.
  9801 | Bailey   | Found a large runed translucent door.
  9802 | Bailey   | Noticed a deep elf pyromancer
  9828 | Bailey   | Found the +4 skin of Zhor {*Englaciate rC+++ SInv}
  9924 | Bailey   | Killed a deep elf pyromancer
 10042 | D:10     | Found a staircase to the Lair.
 10061 | D:10     | Noticed a manticore
 10074 | D:10     | Killed a manticore
 10083 | D:10     | Found a portal to a secret trove of treasure.
 10240 | D:10     | Found a shimmering blue altar of Sif Muna.
 10966 | D:11     | Noticed a boulder beetle
 11407 | D:11     | Killed a boulder beetle
 11748 | D:11     | Noticed a manticore
 11756 | D:11     | Killed a manticore
 11859 | D:11     | Noticed a purple ugly thing
 11881 | D:11     | Killed a purple ugly thing
 11882 | D:11     | Reached XP level 12. HP: 76/76 MP: 12/18
 12003 | Lair:1   | Entered Level 1 of the Lair of Beasts
 12081 | Lair:1   | Reached skill level 5 in Fighting
 12081 | Lair:1   | Reached skill level 5 in Dodging
 12130 | Lair:1   | Found a glowing silver altar of Zin.
 12177 | Lair:1   | Reached skill level 1 in Short Blades
 12256 | Lair:1   | Learned a level 6 spell: Summon Cactus Giant
 12499 | Lair:1   | Reached skill level 5 in Spellcasting
 13216 | Lair:2   | Noticed a four-headed hydra
 13222 | Lair:2   | Killed a four-headed hydra
 13232 | Lair:2   | Noticed Prince Ribbit
 13238 | Lair:2   | Killed Prince Ribbit
 13392 | Lair:2   | Found a staircase to the Snake Pit.
 13630 | Lair:2   | Noticed a five-headed hydra
 13638 | Lair:2   | Killed a five-headed hydra
 13706 | Lair:2   | Reached XP level 13. HP: 85/85 MP: 17/22
 15091 | Lair:3   | Found a staircase to the Shoals.
 15466 | Lair:3   | Reached skill level 1 in Transmutations
 15883 | Lair:4   | Learned a level 7 spell: Monstrous Menagerie
 16289 | Lair:4   | Reached XP level 14. HP: 94/94 MP: 26/26
 16455 | Lair:5   | Entered Level 5 of the Lair of Beasts
 16807 | Lair:5   | Reached skill level 5 in Transmutations
 17766 | Lair:5   | Reached skill level 10 in Fighting
 18114 | D:3      | Bought a scroll of identify for 22 gold pieces
 18114 | D:3      | Bought a scroll of silence for 104 gold pieces
 18114 | D:3      | Bought a scroll of identify for 22 gold pieces
 18114 | D:3      | Bought a scroll of amnesia for 44 gold pieces
 18114 | D:3      | Bought a scroll of enchant weapon for 82 gold pieces
 18953 | Lair:5   | Reached skill level 1 in Ice Magic
 19130 | Lair:5   | Found a corrupted altar of Lugonu.
 19130 | Lair:5   | Found a one-way gate to the infinite horrors of the Abyss.
 19257 | Lair:5   | Found a staircase to the Slime Pits.
 19697 | D:11     | Identified the +8 war axe of Poverty {freeze, rC+ rN+}
 20434 | D:12     | Noticed Nergalle
 20437 | D:12     | Killed Nergalle
 20604 | D:12     | Found a radiant altar of Vehumet.
 20707 | D:12     | Reached XP level 15. HP: 103/103 MP: 24/28
 20711 | D:12     | Noticed Azrael
 20728 | D:12     | Killed Azrael
 21109 | D:12     | Found a staircase to the Orcish Mines.
 21292 | D:12     | Noticed Fannar
 21302 | D:12     | Killed Fannar
 21415 | D:12     | Found a runed translucent door.
 21439 | D:12     | Noticed a tengu reaver
 21439 | D:12     | Noticed a fire giant
 21439 | D:12     | Found the +4 Cigotuvi's embrace {rMiasma Drain rN+}
 21457 | D:12     | Learned a level 4 spell: Ice Form
 21508 | Orc:1    | Entered Level 1 of the Orcish Mines
 21826 | Orc:2    | Entered Level 2 of the Orcish Mines
 21826 | Orc:2    | Found a staircase to the Elven Halls.
 22155 | Orc:2    | Reached skill level 1 in Unarmed Combat
 22466 | Orc:2    | Reached skill level 10 in Dodging
 22757 | Orc:2    | Found Ytom's Book Shoppe.
 22757 | Orc:2    | Found Utzazauleu's Antique Weapon Shop.
 22762 | Orc:2    | Bought a book of the Sky for 616 gold pieces
 22793 | Orc:2    | Noticed Sonja
 22794 | Abyss:2  | Cast into level 2 of the Abyss (Sonja)
 22822 | Abyss:2  | Found a corrupted altar of Lugonu.
 22918 | Abyss:2  | Noticed a tentacled starspawn
 22919 | Abyss:2  | Noticed a bone dragon
 22924 | Abyss:2  | Killed a tentacled starspawn
 22942 | Abyss:2  | Killed a bone dragon
 23000 | Abyss:2  | Noticed a lich
 23124 | Abyss:2  | Reached skill level 10 in Spellcasting
 23151 | Abyss:2  | Noticed a bone dragon
 23181 | Abyss:2  | Noticed a bone dragon
 23197 | Abyss:2  | Noticed a tentacled starspawn
 23408 | Abyss:2  | Noticed a purple draconian shifter
 23439 | Abyss:2  | Killed a purple draconian shifter
 23538 | Orc:2    | Escaped the Abyss
 23550 | Orc:2    | Killed Sonja
 23692 | Orc:2    | Found Tympafin's Antique Armour Shoppe.
 23692 | Orc:2    | Found Ykorphaush's Magic Scroll Shop.
 23707 | Orc:2    | Bought a scroll of blinking for 105 gold pieces
 23707 | Orc:2    | Bought a scroll of identify for 28 gold pieces
 23707 | Orc:2    | Bought a scroll of identify for 28 gold pieces
 23707 | Orc:2    | Identified 3 scrolls of acquirement
 23710 | Orc:2    | Acquired 954 gold pieces
 23712 | Orc:2    | Acquired the ring of the Mage {Wiz Archmagi}
 23712 | Orc:2    | Found the ring of the Mage {Wiz Archmagi}
 23716 | Orc:2    | Acquired the ring "Ewys" {rF++ rC+ Will+}
 24130 | Orc:1    | Found Uhaad's Jewellery Emporium.
 24432 | Snake:1  | Entered Level 1 of the Snake Pit
 24548 | Snake:1  | Found a runed translucent gate.
 24548 | Snake:1  | Found a runed translucent gate.
 24549 | Snake:1  | Found a runed translucent gate.
 24550 | Snake:1  | Found an opulent altar of Gozag.
 24552 | Snake:1  | Found Guegukha's Assorted Antiques.
 24553 | Snake:1  | Found Okkeurar's Assorted Antiques.
 24553 | Snake:1  | Noticed TowerOfEmptiness's ghost (journeyman MiFi)
 25170 | Snake:1  | You fall into a shaft and drop 1 floor!
 25184 | Snake:2  | Reached XP level 16. HP: 91/109 MP: 20/30
 25191 | Snake:2  | Reached skill level 5 in Unarmed Combat
 25375 | Snake:2  | Identified the +2 short sword of the Harvest {freeze,
                  | *Noise rPois SInv}
 25379 | Snake:2  | Noticed Aizul
 25390 | Snake:2  | Killed Aizul
 26919 | Snake:3  | Found Adoryg's Antique Armour Shoppe.
 27129 | Snake:3  | Reached skill level 10 in Transmutations
 28187 | Snake:4  | Entered Level 4 of the Snake Pit
 28752 | Snake:4  | Reached skill level 10 in Air Magic
 28907 | Snake:4  | Noticed a nagaraja
 28929 | Snake:4  | Killed a nagaraja
 29150 | Snake:4  | Noticed Vashnia
 29282 | Snake:4  | Noticed a nagaraja
 29293 | Snake:4  | Killed a nagaraja
 29397 | Snake:4  | Found Kaje's Assorted Antiques.
 29648 | Snake:4  | Killed Vashnia
 29649 | Snake:4  | Reached XP level 17. HP: 115/115 MP: 15/31
 29658 | Snake:4  | Learned a level 7 spell: Storm Form
 31735 | Snake:4  | Got a serpentine rune of Zot
 32067 | Shoals:1 | Entered Level 1 of the Shoals
 32696 | Shoals:1 | Got the Exposition on the Blizzard and Despicable Rituals
 33441 | Shoals:2 | Noticed Frances
 33446 | Shoals:2 | Reached XP level 18. HP: 121/122 MP: 30/32
 33455 | Shoals:2 | Killed Frances
 34358 | D:8      | Killed topfpfpflanze's ghost
 34381 | D:8      | Got Fut Zuduiw's Collected Works on Clay
 34510 | D:12     | Found a runed translucent door.
 34903 | D:12     | Bought the ring "Rapnigad" {Will+ EV+4 Int+2} for 580 gold
                  | pieces
 36030 | Shoals:3 | Identified the ring "Waduucesk" {EV+4 Int+7 Stlth-}
 36204 | Shoals:4 | Entered Level 4 of the Shoals
 36410 | Shoals:4 | Reached skill level 15 in Transmutations
 36796 | Shoals:4 | Identified the +3 scale mail of Alagiuro {rElec Will+++
                  | Dex-3 SInv}
 36915 | Shoals:4 | Noticed Polyphemus
 37073 | Shoals:4 | Killed Polyphemus
 37074 | Shoals:4 | Reached XP level 19. HP: 131/132 MP: 16/33
 37489 | Shoals:4 | Acquired 965 gold pieces
 37593 | Shoals:4 | Got a barnacled rune of Zot
 38223 | Slime:1  | Entered Level 1 of the Pits of Slime
 38321 | Slime:1  | Gained mutation: Your body sometimes deteriorates upon
                  | taking damage. [a shining eye]
 39137 | Slime:2  | Gained mutation: You are clumsy. (Dex -2) [a shining eye]
 39678 | Slime:3  | Noticed Dissolution
 39796 | Slime:3  | Found a viscous altar of Jiyva.
 39944 | Slime:2  | Reached skill level 15 in Air Magic
 41172 | Snake:1  | Found a runed translucent gate.
 41172 | Snake:1  | Found a runed translucent gate.
 41172 | Snake:1  | Found a runed translucent gate.
 41174 | Snake:1  | Found an opulent altar of Gozag.
 41215 | Snake:1  | Found Guegukha's Assorted Antiques.
 41216 | Snake:1  | Found Okkeurar's Assorted Antiques.
 41232 | Snake:1  | Killed TowerOfEmptiness's ghost
 41594 | Snake:1  | Bought a potion of curing for 78 gold pieces
 41710 | Snake:4  | Bought a scroll of magic mapping for 150 gold pieces
 41710 | Snake:4  | Bought a scroll of magic mapping for 150 gold pieces
 41710 | Snake:4  | Bought a scroll of amnesia for 80 gold pieces
 42025 | Orc:2    | Bought a scroll of blinking for 105 gold pieces
 42025 | Orc:2    | Bought a scroll of fog for 56 gold pieces
 42025 | Orc:2    | Bought a scroll of teleportation for 42 gold pieces
 42025 | Orc:2    | Bought a scroll of teleportation for 42 gold pieces
 42036 | Orc:2    | Bought a potion of curing for 54 gold pieces
 42036 | Orc:2    | Bought a potion of heal wounds for 90 gold pieces
 42038 | Orc:2    | Bought the ring "Nisuycw" {Fly rC+ rN+ MP+9} for 523 gold
                  | pieces
 42038 | Orc:2    | Bought the amulet "Viap" {Rampage rC+ Will+ Regen+ Slay+3}
                  | for 808 gold pieces
 42062 | Orc:2    | Bought the ring "Guloywn" {rPois rCorr Int+6 Dex+2 Stlth+}
                  | for 777 gold pieces
 42473 | Slime:2  | Lost mutation: Your body sometimes deteriorates upon taking
                  | damage. [potion of mutation]
 42473 | Slime:2  | Lost mutation: You are clumsy. (Dex -2) [potion of
                  | mutation]
 42473 | Slime:2  | Gained mutation: You expend magic power (3 MP) to
                  | strengthen your wands. [potion of mutation]
 42473 | Slime:2  | Gained mutation: You occasionally lose the ability to read
                  | scrolls when taking damage. [potion of mutation]
 42473 | Slime:2  | Gained mutation: You are somewhat resistant to further
                  | mutation. [potion of mutation]
 42474 | Slime:2  | Lost mutation: You occasionally lose the ability to read
                  | scrolls when taking damage. [potion of mutation]
 42474 | Slime:2  | Lost mutation: You expend magic power (3 MP) to strengthen
                  | your wands. [potion of mutation]
 42474 | Slime:2  | Gained mutation: You expend magic power (3 MP) to
                  | strengthen your wands. [potion of mutation]
 42474 | Slime:2  | Gained mutation: You are partially covered in iridescent
                  | scales. (AC +2) [potion of mutation]
 42488 | Slime:3  | Fell from the grace of Gozag
 42488 | Slime:3  | Became a worshipper of Jiyva Joos the Shapeless
 42793 | D:13     | Identified the +9 trident "Tyc Veodduo" {chaos, *Rage rElec
                  | rN+}
 42951 | D:13     | Reached XP level 20. HP: 138/144 MP: 7/34
 42991 | D:13     | Got the Omnibus of Incandescence
 43091 | D:13     | Reached * piety under Jiyva
 43522 | D:14     | Found a gate to the Vaults.
 43571 | D:14     | Found an opulent altar of Gozag.
 43621 | D:14     | Reached ** piety under Jiyva
 43963 | D:15     | Entered Level 15 of the Dungeon
 44039 | D:15     | Identified the +6 hand axe "Qaghapel" {drain, rElec rPois
                  | Will++ SInv}
 44064 | D:15     | Found a shimmering altar of Xom.
 44064 | D:15     | Found a shimmering altar of Xom.
 44066 | D:15     | Found a shimmering altar of Xom.
 44066 | D:15     | Found a shimmering altar of Xom.
 44067 | D:15     | Found a shimmering altar of Xom.
 44068 | D:15     | Found a shimmering altar of Xom.
 44075 | D:15     | Reached *** piety under Jiyva
 44105 | D:15     | Gained mutation: You are covered in slimy tendrils that may
                  | disarm your opponents. [Jiyva's grace]
 44105 | D:15     | Gained mutation: You are mostly covered in iridescent
                  | scales. (AC +4) [Jiyva's grace]
 44105 | D:15     | Gained mutation: You are completely covered in iridescent
                  | scales. (AC +6) [Jiyva's grace]
 44105 | D:15     | Gained mutation: You are robust. (+10% HP) [Jiyva's grace]
 44153 | D:15     | Reached skill level 15 in Fighting
 44242 | D:15     | Found a staircase to the Depths.
 44342 | D:15     | Identified the +5 long sword of Beogh's Hope {drain, *Rage
                  | rC++}
 44540 | D:15     | Reached **** piety under Jiyva
 44784 | Vaults:1 | Entered Level 1 of the Vaults
 44923 | Vaults:1 | Got the Lectures on Noxious Curses
 45054 | Vaults:1 | Got the Anthology of the Shifting Zephyr
 45055 | Vaults:1 | Identified the +9 plate armour of the Will of the Gods
                  | {Rampage SInv}
 45336 | Vaults:1 | Reached ***** piety under Jiyva
 45375 | Vaults:1 | Lost mutation: You are completely covered in iridescent
                  | scales. (AC +6) [Jiyva's grace]
 45375 | Vaults:1 | Lost mutation: You are somewhat resistant to further
                  | mutation. [Jiyva's grace]
 45375 | Vaults:1 | Gained mutation: You passively dampen the noise of your
                  | surroundings. [Jiyva's grace]
 45375 | Vaults:1 | Gained mutation: Your muscles are strong. (Str +4, Int/Dex
                  | -1) [Jiyva's grace]
 45375 | Vaults:1 | Gained mutation: Your muscles are very strong. (Str +8,
                  | Int/Dex -2) [Jiyva's grace]
 45375 | Vaults:1 | Gained mutation: You have acidic saliva. [Jiyva's grace]
 45597 | Vaults:1 | Reached skill level 10 in Unarmed Combat
 45988 | Vaults:2 | Reached XP level 21. HP: 159/168 MP: 35/35
 46013 | Vaults:2 | Found a huge runed gate.
 46013 | Vaults:2 | Found a huge runed gate.
 46013 | Vaults:2 | Found a huge runed gate.
 46013 | Vaults:2 | Found a huge runed gate.
 46013 | Vaults:2 | Found a huge runed gate.
 46014 | Vaults:2 | Found a huge runed gate.
 46014 | Vaults:2 | Found a huge runed gate.
 46014 | Vaults:2 | Found a huge runed gate.
 46014 | Vaults:2 | Found a huge runed gate.
 46014 | Vaults:2 | Found a huge runed gate.
 46015 | Vaults:2 | Found a huge runed gate.
 46015 | Vaults:2 | Found a huge runed gate.
 46016 | Vaults:2 | Found a huge runed gate.
 46017 | Vaults:2 | Found a huge runed gate.
 46018 | Vaults:2 | Found a huge runed gate.
 46019 | Vaults:2 | Found a huge runed gate.
 46020 | Vaults:2 | Found a huge runed gate.
 46028 | Vaults:2 | Found a huge runed gate.
 46028 | Vaults:2 | Found a huge runed gate.
 46028 | Vaults:2 | Found a huge runed gate.
 46028 | Vaults:2 | Found a huge runed gate.
 46028 | Vaults:2 | Found a huge runed gate.
 46028 | Vaults:2 | Found a huge runed gate.
 46029 | Vaults:2 | Found a huge runed gate.
 46030 | Vaults:2 | Found a huge runed gate.
 46031 | Vaults:2 | Found a huge runed gate.
 46040 | Vaults:2 | Found a huge runed gate.
 46040 | Vaults:2 | Found a huge runed gate.
 46040 | Vaults:2 | Found a huge runed gate.
 46040 | Vaults:2 | Found a huge runed gate.
 46040 | Vaults:2 | Found a huge runed gate.
 46040 | Vaults:2 | Found a huge runed gate.
 46041 | Vaults:2 | Found a huge runed gate.
 46042 | Vaults:2 | Found a huge runed gate.
 46043 | Vaults:2 | Found a huge runed gate.
 46051 | Vaults:2 | Found a huge runed gate.
 46320 | Vaults:2 | Found Tyroczam's Armour Emporium.
 46485 | Vaults:2 | Found a staircase to the Crypt.
 47128 | Vaults:3 | Was forgiven by Gozag
 47135 | Vaults:3 | Reached ****** piety under Jiyva
 47173 | Vaults:3 | Lost mutation: You are mostly covered in iridescent scales.
                  | (AC +4) [Jiyva's grace]
 47173 | Vaults:3 | Lost mutation: You are partially covered in iridescent
                  | scales. (AC +2) [Jiyva's grace]
 47173 | Vaults:3 | Lost mutation: You expend magic power (3 MP) to strengthen
                  | your wands. [Jiyva's grace]
 47173 | Vaults:3 | Gained mutation: Your pliable body absorbs attacks. (AC +2,
                  | EV +2) [Jiyva's grace]
 47173 | Vaults:3 | Gained mutation: Your gelatinous body deflects attacks. (AC
                  | +3, EV +3) [Jiyva's grace]
 47173 | Vaults:3 | Gained mutation: Your body has grown eyes which may confuse
                  | attackers. (Acc +3) [Jiyva's grace]
 47173 | Vaults:3 | Gained mutation: Your body has grown many eyes which may
                  | confuse attackers. (Acc +5) [Jiyva's grace]
 47851 | Vaults:3 | Got the Volume of Sandy Intoxication
 48173 | Vaults:4 | Reached XP level 22. HP: 177/178 MP: 36/36
 48272 | Vaults:4 | Lost mutation: You are robust. (+10% HP) [Jiyva's grace]
 48272 | Vaults:4 | Lost mutation: You have acidic saliva. [Jiyva's grace]
 48272 | Vaults:4 | Lost mutation: Your body has grown many eyes which may
                  | confuse attackers. (Acc +5) [Jiyva's grace]
 48272 | Vaults:4 | Lost mutation: Your gelatinous body deflects attacks. (AC
                  | +3, EV +3) [Jiyva's grace]
 48272 | Vaults:4 | Gained mutation: Your body has grown many eyes which may
                  | confuse attackers. (Acc +5) [Jiyva's grace]
 48272 | Vaults:4 | Gained mutation: Your body is covered in eyes which may
                  | confuse attackers. (Acc +7, SInv) [Jiyva's grace]
 48272 | Vaults:4 | Gained mutation: You are covered in fur. (AC +1) [Jiyva's
                  | grace]
 48272 | Vaults:4 | Gained mutation: You are covered in thick fur. (AC +2)
                  | [Jiyva's grace]
 48292 | Vaults:4 | Found Reafytob's Antique Armour Boutique.
 49011 | Vaults:5 | Entered Level 5 of the Vaults
 49011 | Vaults:5 | Noticed Margery
 49020 | Vaults:5 | Reached skill level 15 in Dodging
 49136 | Vaults:5 | Killed Margery
 49229 | Vaults:5 | Noticed a golden dragon
 49236 | Vaults:5 | Killed a golden dragon
 49245 | Vaults:5 | Identified the +5 trident of Calamity {drain, rElec Will+
                  | Stlth+}
 49326 | Vaults:5 | Identified the +5 sling of Woter {flame, Will+ Str+5 Dex+3}
 49358 | Vaults:5 | Identified the +7 spear of a Billion Scars {flame, rCorr
                  | Str+6 Int+3}
 49558 | Vaults:5 | Identified the +6 arbalest of the Wasteland {elec, Stlth+}
 49570 | Vaults:5 | Got a silver rune of Zot
 49592 | Vaults:5 | Noticed an ancient lich
 49603 | Vaults:5 | Killed an ancient lich
 49662 | Vaults:5 | Noticed a golden dragon
 49668 | Vaults:5 | Killed a golden dragon
 49669 | Vaults:5 | Reached XP level 23. HP: 171/171 MP: 37/37
 49745 | Vaults:5 | Identified the ring of Nazaoxiama {rPois rC+ Slay+2 Stlth+}
 49864 | Vaults:5 | Identified the +7 trident of the Crafting Vulture {protect,
                  | *Noise rF+ Str+5 Dex+4}
 49871 | Vaults:5 | Got Ezxygraoty's Treatise on the Impact
 50168 | Vaults:5 | Identified the +6 dagger of Fifafaul {holy, rCorr}
 50363 | Vaults:5 | Found the +8 frozen axe "Frostbite" {freezing cloud, *Noise
                  | Fly rC+}
 50514 | Vaults:5 | Identified the +7 mace "Beptot" {vorpal, Str+4}
 50517 | Vaults:5 | Got the Monograph on Outbursts and the Caves
 50557 | Vaults:5 | Learned a level 8 spell: Maxwell's Capacitive Coupling
 50821 | Elf:1    | Entered Level 1 of the Elven Halls
 50929 | Elf:1    | Paralysed by an air elemental for 1 turns
 50976 | Elf:1    | Lost mutation: You passively dampen the noise of your
                  | surroundings. [Jiyva's grace]
 50976 | Elf:1    | Gained mutation: Your melee attacks may engulf your foes in
                  | ooze. [Jiyva's grace]
 50976 | Elf:1    | Gained mutation: Your mind is acute. (Int +4, Str/Dex -1)
                  | [Jiyva's grace]
 50976 | Elf:1    | Gained mutation: Your mind is very acute. (Int +8, Str/Dex
                  | -2) [Jiyva's grace]
 50976 | Elf:1    | Gained mutation: You are agile. (Dex +4, Str/Int -1)
                  | [Jiyva's grace]
 51607 | Elf:2    | Found a runed translucent gate.
 51607 | Elf:2    | Found a runed translucent gate.
 51607 | Elf:2    | Found a runed translucent gate.
 51895 | Elf:2    | Found Ylur's Magic Scroll Emporium.
 51907 | Elf:2    | Bought 2 scrolls of silence for 304 gold pieces
 51907 | Elf:2    | Bought a scroll of blinking for 120 gold pieces
 52150 | Elf:2    | Lost mutation: Your muscles are very strong. (Str +8,
                  | Int/Dex -2) [Jiyva's grace]
 52150 | Elf:2    | Lost mutation: Your melee attacks may engulf your foes in
                  | ooze. [Jiyva's grace]
 52150 | Elf:2    | Gained mutation: Your gelatinous body deflects attacks. (AC
                  | +3, EV +3) [Jiyva's grace]
 52150 | Elf:2    | Gained mutation: Your melee attacks may engulf your foes in
                  | ooze. [Jiyva's grace]
 52150 | Elf:2    | Gained mutation: Your system is resistant to poisons.
                  | (rPois) [Jiyva's grace]
 52150 | Elf:2    | Gained mutation: You expend magic power (3 MP) to
                  | strengthen your wands. [Jiyva's grace]
 52357 | Elf:3    | Entered Level 3 of the Elven Halls
 52471 | Elf:3    | Reached XP level 24. HP: 175/179 MP: 37/37
 52537 | Elf:3    | Noticed Nikola
 52548 | Elf:3    | Found Ufuja's Weapon Boutique.
 52944 | Elf:3    | Identified the +6 chain mail of the Ego {rN+ Will+ Dex+5}
 52944 | Elf:3    | Identified the ring "Moucy" {rN+ Will+ SInv Stlth-}
 52956 | Elf:3    | Identified the +2 lajatang of the Boar {vorpal, rF+ Will-
                  | Int+3}
 52960 | Elf:3    | Killed Nikola
 53581 | Crypt:1  | Entered Level 1 of the Crypt
 53661 | Crypt:1  | You are sucked into a shaft and drop 1 floor!
 54281 | Crypt:3  | Entered Level 3 of the Crypt
 54281 | Crypt:3  | Lost mutation: You are agile. (Dex +4, Str/Int -1) [Jiyva's
                  | grace]
 54281 | Crypt:3  | Lost mutation: Your mind is very acute. (Int +8, Str/Dex
                  | -2) [Jiyva's grace]
 54281 | Crypt:3  | Lost mutation: Your system is resistant to poisons. (rPois)
                  | [Jiyva's grace]
 54281 | Crypt:3  | Lost mutation: You are covered in thick fur. (AC +2)
                  | [Jiyva's grace]
 54281 | Crypt:3  | Lost mutation: Your body is covered in eyes which may
                  | confuse attackers. (Acc +7, SInv) [Jiyva's grace]
 54281 | Crypt:3  | Lost mutation: Your body has grown many eyes which may
                  | confuse attackers. (Acc +5) [Jiyva's grace]
 54281 | Crypt:3  | Lost mutation: Your body has grown eyes which may confuse
                  | attackers. (Acc +3) [Jiyva's grace]
 54281 | Crypt:3  | Gained mutation: You possess an exceptional clarity of
                  | mind. [Jiyva's grace]
 54281 | Crypt:3  | Gained mutation: You have a small jelly attached to you
                  | that may absorb projectiles. [Jiyva's grace]
 54281 | Crypt:3  | Gained mutation: Your muscles are very strong. (Str +8,
                  | Int/Dex -2) [Jiyva's grace]
 54281 | Crypt:3  | Gained mutation: You have acidic saliva. [Jiyva's grace]
 54603 | Crypt:3  | Found a basalt altar of Yredelemnul.
 54780 | Crypt:3  | Noticed Saint Roka
 54788 | Crypt:3  | Killed Saint Roka
 54798 | Crypt:3  | Found a staircase to the Tomb.
 55094 | Crypt:3  | Reached XP level 25. HP: 187/187 MP: 37/37
 55413 | Crypt:1  | Noticed Mennas
 55431 | Crypt:1  | Killed Mennas
 55841 | Crypt:1  | Noticed Boris
 55847 | Crypt:1  | Killed Boris
 56418 | Depths:1 | Entered Level 1 of the Depths
 56419 | Depths:1 | Noticed Boris
 56427 | Depths:1 | Killed Boris
 56538 | Depths:1 | Lost mutation: Your muscles are very strong. (Str +8,
                  | Int/Dex -2) [Jiyva's grace]
 56538 | Depths:1 | Lost mutation: Your melee attacks may engulf your foes in
                  | ooze. [Jiyva's grace]
 56538 | Depths:1 | Gained mutation: You passively dampen the noise of your
                  | surroundings. [Jiyva's grace]
 56538 | Depths:1 | Gained mutation: You have a pair of small antennae on your
                  | head. [Jiyva's grace]
 56538 | Depths:1 | Gained mutation: You have a pair of antennae on your head.
                  | [Jiyva's grace]
 56538 | Depths:1 | Gained mutation: You have a pair of large antennae on your
                  | head. (SInv) [Jiyva's grace]
 56561 | Depths:1 | Found a gateway to Hell.
 56791 | Depths:1 | Reached skill level 15 in Unarmed Combat
 57294 | Depths:1 | You are sucked into a shaft and drop 1 floor!
 57575 | Depths:2 | Noticed Vv
 57597 | Depths:2 | Killed Vv
 57664 | Depths:2 | Found a one-way gate leading to the halls of Pandemonium.
 57690 | Depths:2 | Found a one-way gateway to a ziggurat.
 57845 | Depths:2 | Noticed a juggernaut
 57855 | Depths:2 | Killed a juggernaut
 57956 | Depths:2 | Noticed a juggernaut
 57966 | Depths:2 | Reached XP level 26. HP: 196/196 MP: 37/37
 57968 | Depths:2 | Killed a juggernaut
 58594 | Depths:3 | Found Xaxumm's Weapon Emporium.
 58594 | Depths:3 | Found Xulurchae's General Store.
 58609 | Depths:3 | Bought a potion of brilliance for 88 gold pieces
 58673 | Depths:3 | Lost mutation: You have acidic saliva. [Jiyva's grace]
 58673 | Depths:3 | Lost mutation: You expend magic power (3 MP) to strengthen
                  | your wands. [Jiyva's grace]
 58673 | Depths:3 | Gained mutation: You are resistant to electric shocks.
                  | (rElec) [Jiyva's grace]
 58673 | Depths:3 | Gained mutation: Your spells are a little harder to cast,
                  | but a little more powerful. [Jiyva's grace]
 58673 | Depths:3 | Gained mutation: Your spells are harder to cast, but more
                  | powerful. [Jiyva's grace]
 58673 | Depths:3 | Gained mutation: Your spells are much harder to cast, but
                  | much more powerful. [Jiyva's grace]
 58993 | Depths:3 | Reached skill level 1 in Evocations
 59045 | Depths:4 | Entered Level 4 of the Depths
 59153 | Depths:4 | Found Violageu's Antique Weapon Shop.
 59227 | Depths:4 | Noticed Boris
 59237 | Depths:4 | Killed Boris
 59336 | Depths:4 | Found a basalt altar of Yredelemnul.
 59373 | Depths:4 | Found a corrupted altar of Lugonu.
 59508 | Depths:4 | Reached skill level 5 in Evocations
 59521 | Depths:4 | Noticed a juggernaut
 59545 | Depths:4 | Killed a juggernaut
 59630 | Depths:4 | Identified the +4 ring mail "Rocreut" {rCorr MP+9 Str+3}
 59785 | Depths:4 | Found a gate to the Realm of Zot.
 59941 | Depths:4 | Voluntarily entered the Abyss.
 60032 | Abyss:2  | Lost mutation: Your mind is acute. (Int +4, Str/Dex -1)
                  | [Jiyva's grace]
 60032 | Abyss:2  | Lost mutation: You are covered in fur. (AC +1) [Jiyva's
                  | grace]
 60032 | Abyss:2  | Lost mutation: You have a small jelly attached to you that
                  | may absorb projectiles. [Jiyva's grace]
 60032 | Abyss:2  | Gained mutation: You expend magic power (3 MP) to
                  | strengthen your wands. [Jiyva's grace]
 60032 | Abyss:2  | Gained mutation: You have a small jelly attached to you
                  | that may absorb projectiles. [Jiyva's grace]
 60032 | Abyss:2  | Gained mutation: Your melee attacks may engulf your foes in
                  | ooze. [Jiyva's grace]
 60032 | Abyss:2  | Gained mutation: Armour fits poorly on your pseudopods.
                  | [Jiyva's grace]
 60089 | Abyss:3  | Found a corrupted altar of Lugonu.
 60104 | Abyss:3  | Got an abyssal rune of Zot
 60109 | Depths:4 | Escaped the Abyss
 61277 | Slime:5  | Entered Level 5 of the Pits of Slime
 61292 | Slime:5  | Found a viscous altar of Jiyva.
 61293 | Slime:5  | Noticed the Royal Jelly
 61298 | Slime:5  | Got the Monograph on Mutated Pestilence
 61300 | Slime:5  | Got the Secrets of the Brume
 61310 | Slime:5  | Identified the +8 great sword of the Scorpion {holy, Int+2
                  | Dex+3}
 61311 | Slime:5  | Identified the +1 helmet of Immorality {rElec Int+4}
 61319 | Slime:5  | Identified the +1 plate armour of Aciezon {Int+4 Slay+3}
 61328 | Slime:5  | Identified the +7 quarterstaff of True Grit {drain, rElec
                  | Int+4}
 61336 | Slime:5  | Got a slimy rune of Zot
 61337 | Slime:5  | Identified the +2 robe "Bonit" {rC+}
 61358 | Slime:5  | Identified the +0 leather armour "Awatuu Dont" {rCorr Str+3
                  | Dex+3}
 62001 | Zot:1    | Entered Level 1 of the Realm of Zot
 62215 | Zot:1    | Reached XP level 27. HP: 205/205 MP: 37/37
 62852 | Zot:2    | Found a transporter.
 62880 | Zot:2    | Found a transporter.
 62888 | Zot:2    | Noticed runemage's ghost (legendary GnFi)
 62920 | Zot:2    | Killed runemage's ghost
 62959 | Zot:2    | Noticed a dread lich
 62962 | Zot:2    | Killed a dread lich
 63013 | Zot:2    | Noticed a dread lich
 63018 | Zot:2    | Killed a dread lich
 63029 | Zot:2    | Noticed a dread lich
 63033 | Zot:2    | Killed a dread lich
 63036 | Zot:2    | Noticed a dread lich
 63037 | Zot:2    | Noticed a dread lich
 63043 | Zot:2    | Killed a dread lich
 63044 | Zot:2    | Killed a dread lich
 63045 | Zot:2    | Noticed a dread lich
 63048 | Zot:2    | Killed a dread lich
 63099 | Zot:2    | Lost mutation: You have a pair of large antennae on your
                  | head. (SInv) [Jiyva's grace]
 63099 | Zot:2    | Lost mutation: You possess an exceptional clarity of mind.
                  | [Jiyva's grace]
 63099 | Zot:2    | Lost mutation: Your muscles are strong. (Str +4, Int/Dex
                  | -1) [Jiyva's grace]
 63099 | Zot:2    | Lost mutation: You expend magic power (3 MP) to strengthen
                  | your wands. [Jiyva's grace]
 63099 | Zot:2    | Gained mutation: Your system is resistant to poisons.
                  | (rPois) [Jiyva's grace]
 63099 | Zot:2    | Gained mutation: You have a beak for a mouth. [Jiyva's
                  | grace]
 63099 | Zot:2    | Gained mutation: You have a small jelly attached to you
                  | that senses nearby items. [Jiyva's grace]
 63099 | Zot:2    | Gained mutation: Your mind is acute. (Int +4, Str/Dex -1)
                  | [Jiyva's grace]
 63282 | Zot:3    | Noticed an orb of fire
 63284 | Zot:3    | Gained mutation: You do not regenerate when monsters are
                  | visible. [an orb of fire]
 63292 | Zot:3    | Killed an orb of fire
 63313 | Zot:3    | Lost mutation: You have a pair of antennae on your head.
                  | [potion of mutation]
 63313 | Zot:3    | Lost mutation: You passively dampen the noise of your
                  | surroundings. [potion of mutation]
 63313 | Zot:3    | Lost mutation: Your spells are much harder to cast, but
                  | much more powerful. [potion of mutation]
 63313 | Zot:3    | Gained mutation: You are partially covered in large bone
                  | plates. (SH +4) [potion of mutation]
 63314 | Zot:3    | Lost mutation: Your gelatinous body deflects attacks. (AC
                  | +3, EV +3) [potion of mutation]
 63314 | Zot:3    | Lost mutation: You have a small jelly attached to you that
                  | senses nearby items. [potion of mutation]
 63314 | Zot:3    | Lost mutation: Your system is resistant to poisons. (rPois)
                  | [potion of mutation]
 63314 | Zot:3    | Gained mutation: Your mind is very acute. (Int +8, Str/Dex
                  | -2) [potion of mutation]
 63315 | Zot:3    | Lost mutation: You have a pair of small antennae on your
                  | head. [potion of mutation]
 63315 | Zot:3    | Lost mutation: You have a beak for a mouth. [potion of
                  | mutation]
 63315 | Zot:3    | Lost mutation: Your pliable body absorbs attacks. (AC +2,
                  | EV +2) [potion of mutation]
 63315 | Zot:3    | Gained mutation: One of your tentacles bears a spike.
                  | [potion of mutation]
 63316 | Zot:3    | Lost mutation: Your mind is very acute. (Int +8, Str/Dex
                  | -2) [potion of mutation]
 63316 | Zot:3    | Lost mutation: You are covered in slimy tendrils that may
                  | disarm your opponents. [potion of mutation]
 63316 | Zot:3    | Lost mutation: One of your tentacles bears a spike. [potion
                  | of mutation]
 63316 | Zot:3    | Gained mutation: One of your tentacles bears a spike.
                  | [potion of mutation]
 63316 | Zot:3    | Gained mutation: Your magical capacity is low. (-10% MP)
                  | [potion of mutation]
 63316 | Zot:3    | Gained mutation: You are robust. (+10% HP) [potion of
                  | mutation]
 63316 | Zot:3    | Gained mutation: Your spells are much harder to cast, but
                  | much more powerful. [potion of mutation]
 63317 | Zot:3    | Lost mutation: You have a small jelly attached to you that
                  | may absorb projectiles. [potion of mutation]
 63317 | Zot:3    | Lost mutation: You are robust. (+10% HP) [potion of
                  | mutation]
 63317 | Zot:3    | Gained mutation: Your mind is very acute. (Int +8, Str/Dex
                  | -2) [potion of mutation]
 63318 | Zot:3    | Lost mutation: You are partially covered in large bone
                  | plates. (SH +4) [potion of mutation]
 63318 | Zot:3    | Lost mutation: Your melee attacks may engulf your foes in
                  | ooze. [potion of mutation]
 63318 | Zot:3    | Lost mutation: Armour fits poorly on your pseudopods.
                  | [potion of mutation]
 63318 | Zot:3    | Lost mutation: Your magical capacity is low. (-10% MP)
                  | [potion of mutation]
 63319 | Zot:3    | Lost mutation: Your spells are much harder to cast, but
                  | much more powerful. [potion of mutation]
 63319 | Zot:3    | Lost mutation: Your mind is very acute. (Int +8, Str/Dex
                  | -2) [potion of mutation]
 63319 | Zot:3    | Gained mutation: Your flesh is cold resistant. (rC+)
                  | [potion of mutation]
 63319 | Zot:3    | Gained mutation: You have a pair of small antennae on your
                  | head. [potion of mutation]
 63319 | Zot:3    | Lost mutation: You have a pair of small antennae on your
                  | head. [potion of mutation]
 63320 | Zot:3    | Lost mutation: Your flesh is cold resistant. (rC+) [potion
                  | of mutation]
 63320 | Zot:3    | Lost mutation: Your spells are harder to cast, but more
                  | powerful. [potion of mutation]
 63320 | Zot:3    | Lost mutation: One of your tentacles bears a spike. [potion
                  | of mutation]
 63320 | Zot:3    | Lost mutation: You do not regenerate when monsters are
                  | visible. [potion of mutation]
 63320 | Zot:3    | Gained mutation: You have a pair of small antennae on your
                  | head. [potion of mutation]
 63320 | Zot:3    | Gained mutation: You passively dampen the noise of your
                  | surroundings. [potion of mutation]
 64218 | Zot:4    | Acquired the ring of Vetulu {MP+9 Int+4 SInv Stlth+}
 64661 | Zot:4    | Noticed an orb of fire
 64672 | Zot:4    | Killed an orb of fire
 64692 | Zot:4    | Identified the +6 hand axe of the Median {drain, rCorr
                  | Int+2 SInv}
 64693 | Zot:4    | Got Xepem's Tome of The Black Sun
 64894 | Zot:5    | Entered Level 5 of the Realm of Zot
 65012 | Zot:5    | Lost mutation: Your mind is acute. (Int +4, Str/Dex -1)
                  | [Jiyva's grace]
 65012 | Zot:5    | Lost mutation: You are resistant to electric shocks.
                  | (rElec) [Jiyva's grace]
 65012 | Zot:5    | Gained mutation: You have hidden genetic potential.
                  | [Jiyva's grace]
 65012 | Zot:5    | Gained mutation: You have great hidden genetic potential.
                  | [Jiyva's grace]
 65012 | Zot:5    | Gained mutation: You have a small jelly attached to you
                  | that may absorb projectiles. [Jiyva's grace]
 65012 | Zot:5    | Gained mutation: You have acidic saliva. [Jiyva's grace]
 65248 | Zot:5    | Noticed a dread lich
 65272 | Zot:5    | Killed a dread lich
 65294 | Zot:5    | Noticed an orb of fire
 65295 | Zot:5    | Noticed an ancient lich
 65298 | Zot:5    | Killed an orb of fire
 65309 | Zot:5    | Killed an ancient lich
 65379 | Zot:5    | Noticed an orb of fire
 65383 | Zot:5    | Noticed an orb of fire
 65386 | Zot:5    | Noticed an ancient lich
 65390 | Zot:5    | Killed an orb of fire
 65393 | Zot:5    | Killed an orb of fire
 65396 | Zot:5    | Killed an ancient lich
 65453 | Zot:5    | Noticed an orb of fire
 65461 | Zot:5    | Gained mutation: You occasionally shout uncontrollably at
                  | your foes. [an orb of fire]
 65462 | Zot:5    | Gained mutation: One of your tentacles bears a spike. [an
                  | orb of fire]
 65462 | Zot:5    | Gained mutation: You are dopey. (Int -2) [an orb of fire]
 65463 | Zot:5    | Gained mutation: You occasionally lose the ability to read
                  | scrolls when taking damage. [an orb of fire]
 65468 | Zot:5    | Killed an orb of fire
 65550 | Zot:5    | Noticed an orb of fire
 65561 | Zot:5    | Noticed an orb of fire
 65561 | Zot:5    | Noticed an orb of fire
 65561 | Zot:5    | Noticed an orb of fire
 65561 | Zot:5    | Noticed an orb of fire
 65565 | Zot:5    | Gained mutation: You are frail. (-10% HP) [an orb of fire]
 65565 | Zot:5    | Gained mutation: You are weak. (Str -2) [an orb of fire]
 65569 | Zot:5    | Killed an orb of fire
 65572 | Zot:5    | Killed an orb of fire
 65657 | Zot:5    | Lost mutation: One of your tentacles bears a spike. [potion
                  | of mutation]
 65657 | Zot:5    | Lost mutation: Your spells are a little harder to cast, but
                  | a little more powerful. [potion of mutation]
 65657 | Zot:5    | Gained mutation: You are partially covered in iridescent
                  | scales. (AC +2) [potion of mutation]
 65936 | Zot:5    | Gained mutation: Your magical capacity is low. (-10% MP)
                  | [an orb of fire]
 65937 | Zot:5    | Killed an orb of fire
 65996 | Zot:5    | Killed an orb of fire
 66010 | Zot:5    | Killed an orb of fire
 66750 | Tomb:1   | Entered Level 1 of the Tomb of the Ancients
 67320 | Tomb:1   | Noticed a royal mummy
 67486 | Tomb:1   | Killed a royal mummy
 67487 | Tomb:1   | Reached skill level 1 in Translocations
 67565 | Tomb:1   | Noticed a royal mummy
 67578 | Tomb:1   | Killed a royal mummy
 67601 | Tomb:1   | Gained mutation: Your spells are a little harder to cast,
                  | but a little more powerful. [hidden potential]
 67731 | Tomb:1   | Noticed a royal mummy
 67736 | Tomb:1   | Killed a royal mummy
 68364 | Hell     | Entered the Vestibule of Hell
 68364 | Hell     | Noticed Geryon
 68364 | Hell     | Lost mutation: You are dopey. (Int -2) [Jiyva's grace]
 68364 | Hell     | Lost mutation: You are frail. (-10% HP) [Jiyva's grace]
 68364 | Hell     | Lost mutation: You occasionally shout uncontrollably at
                  | your foes. [Jiyva's grace]
 68364 | Hell     | Lost mutation: Your spells are a little harder to cast, but
                  | a little more powerful. [Jiyva's grace]
 68364 | Hell     | Lost mutation: You occasionally lose the ability to read
                  | scrolls when taking damage. [Jiyva's grace]
 68364 | Hell     | Lost mutation: You passively dampen the noise of your
                  | surroundings. [Jiyva's grace]
 68364 | Hell     | Gained mutation: You are strong-willed. (Will+) [Jiyva's
                  | grace]
 68364 | Hell     | Gained mutation: You are highly strong-willed. (Will++)
                  | [Jiyva's grace]
 68364 | Hell     | Gained mutation: You are extremely strong-willed. (Will+++)
                  | [Jiyva's grace]
 68364 | Hell     | Gained mutation: You are mostly covered in iridescent
                  | scales. (AC +4) [Jiyva's grace]
 68373 | Hell     | Killed Geryon
 68540 | Hell     | Found a gateway to the Iron City of Dis.
 68629 | Hell     | Found a gateway to the ashen valley of Gehenna.
 68674 | Hell     | Found a gateway to the decaying netherworld of Tartarus.
 68739 | Hell     | Found a gateway to the freezing wastes of Cocytus.
 68900 | Depths:2 | Learned a level 5 spell: Manifold Assault
 68901 | Pan      | Entered Pandemonium
 69343 | Pan      | Noticed Oval the pandemonium lord
 69464 | Pan      | Killed Oval the pandemonium lord
 69862 | Pan      | Reached skill level 1 in Necromancy
 69991 | Pan      | Noticed Ineparewn the pandemonium lord
 70001 | Pan      | Killed Ineparewn the pandemonium lord
 70002 | Pan      | Reached skill level 5 in Translocations
 70072 | Pan      | Gained mutation: You are frail. (-10% HP) [a cacodemon]
 70073 | Pan      | Gained mutation: You are clumsy. (Dex -2) [a cacodemon]
 70287 | Pan      | Gained mutation: You are very frail. (-20% HP) [a
                  | cacodemon]
 70289 | Pan      | Gained mutation: You occasionally lose the ability to drink
                  | potions when taking damage. [a cacodemon]
 70303 | Pan      | Found an exit through the horrors of the Abyss.
 70337 | Pan      | Lost mutation: You are very frail. (-20% HP) [Jiyva's
                  | grace]
 70337 | Pan      | Lost mutation: Your magical capacity is low. (-10% MP)
                  | [Jiyva's grace]
 70337 | Pan      | Lost mutation: You are extremely strong-willed. (Will+++)
                  | [Jiyva's grace]
 70337 | Pan      | Lost mutation: You are weak. (Str -2) [Jiyva's grace]
 70337 | Pan      | Lost mutation: You occasionally lose the ability to drink
                  | potions when taking damage. [Jiyva's grace]
 70337 | Pan      | Gained mutation: Your skin blends seamlessly with your
                  | surroundings (Stealth++). [Jiyva's grace]
 70337 | Pan      | Gained mutation: Your skin perfectly mimics your
                  | surroundings (Stealth+++). [Jiyva's grace]
 70337 | Pan      | Gained mutation: You are extremely strong-willed. (Will+++)
                  | [Jiyva's grace]
 70337 | Pan      | Gained mutation: You are resistant to electric shocks.
                  | (rElec) [Jiyva's grace]
 70880 | Pan      | Gained mutation: You are weak. (Str -2) [a cacodemon]
 71005 | Pan      | Reached skill level 5 in Necromancy
 71140 | Pan      | Gained mutation: Your system is resistant to poisons.
                  | (rPois) [hidden potential]
 71140 | Pan      | Lost mutation: You have great hidden genetic potential.
                  | [hidden potential expressed]
 71186 | Pan      | Noticed Kerhuk the pandemonium lord
 71531 | Pan      | Killed Kerhuk the pandemonium lord
 71655 | Pan      | Found a runed translucent door.
 71706 | Pan      | Got a demonic rune of Zot
 71916 | Pan      | Lost mutation: Your skin perfectly mimics your surroundings
                  | (Stealth+++). [Jiyva's grace]
 71916 | Pan      | Lost mutation: You are clumsy. (Dex -2) [Jiyva's grace]
 71916 | Pan      | Lost mutation: You are weak. (Str -2) [Jiyva's grace]
 71916 | Pan      | Gained mutation: You have supernaturally acute eyesight.
                  | (SInv) [Jiyva's grace]
 71916 | Pan      | Gained mutation: You have great hidden genetic potential.
                  | [Jiyva's grace]
 71916 | Pan      | Gained mutation: One of your tentacles bears a spike.
                  | [Jiyva's grace]
 71916 | Pan      | Gained mutation: One of your tentacles bears a nasty spike.
                  | [Jiyva's grace]
 72927 | Pan      | Found an exit through the horrors of the Abyss.
 73099 | Pan      | Entered the realm of Gloorx Vloq.
 73370 | Pan      | Lost mutation: You are frail. (-10% HP) [Jiyva's grace]
 73370 | Pan      | Lost mutation: You are extremely strong-willed. (Will+++)
                  | [Jiyva's grace]
 73370 | Pan      | Lost mutation: You are highly strong-willed. (Will++)
                  | [Jiyva's grace]
 73370 | Pan      | Lost mutation: You have great hidden genetic potential.
                  | [Jiyva's grace]
 73370 | Pan      | Gained mutation: Armour fits poorly on your pseudopods.
                  | [Jiyva's grace]
 73370 | Pan      | Gained mutation: Armour fits poorly on your large
                  | pseudopods. [Jiyva's grace]
 73370 | Pan      | Gained mutation: Armour fits poorly on your massive
                  | pseudopods. [Jiyva's grace]
 73370 | Pan      | Gained mutation: You have a small jelly attached to you
                  | that senses nearby items. [Jiyva's grace]
 73891 | Pan      | Noticed Gloorx Vloq
 74026 | Pan      | Killed Gloorx Vloq
 74120 | Pan      | Got a dark rune of Zot
 74259 | Pan      | Identified the +4 rapier "Cuennuvu" {freeze, rPois rN+
                  | Will+}
 74580 | Pan      | Noticed Duidghi the pandemonium lord
 74764 | Pan      | Found an exit through the horrors of the Abyss.
 74777 | Pan      | Lost mutation: You are mostly covered in iridescent scales.
                  | (AC +4) [Jiyva's grace]
 74777 | Pan      | Lost mutation: You are partially covered in iridescent
                  | scales. (AC +2) [Jiyva's grace]
 74777 | Pan      | Lost mutation: Armour fits poorly on your massive
                  | pseudopods. [Jiyva's grace]
 74777 | Pan      | Gained mutation: You are covered in slimy tendrils that may
                  | disarm your opponents. [Jiyva's grace]
 74777 | Pan      | Gained mutation: Your pliable body absorbs attacks. (AC +2,
                  | EV +2) [Jiyva's grace]
 74777 | Pan      | Gained mutation: Your gelatinous body deflects attacks. (AC
                  | +3, EV +3) [Jiyva's grace]
 74777 | Pan      | Gained mutation: Armour fits poorly on your massive
                  | pseudopods. [Jiyva's grace]
 74921 | Pan      | Gained mutation: One of your tentacles bears a large
                  | vicious spike. [hidden potential]
 75056 | Pan      | Reached skill level 10 in Necromancy
 75188 | Pan      | Found an exit through the horrors of the Abyss.
 75360 | Pan      | Noticed Biamid the pandemonium lord
 75364 | Pan      | Killed Biamid the pandemonium lord
 75376 | Pan      | Identified the +3 leather armour of Dramatic Exits {Dex+5
                  | Stlth+}
 76422 | Pan      | Lost mutation: One of your tentacles bears a large vicious
                  | spike. [Jiyva's grace]
 76422 | Pan      | Lost mutation: You have acidic saliva. [Jiyva's grace]
 76422 | Pan      | Lost mutation: Your gelatinous body deflects attacks. (AC
                  | +3, EV +3) [Jiyva's grace]
 76422 | Pan      | Lost mutation: You have a small jelly attached to you that
                  | senses nearby items. [Jiyva's grace]
 76422 | Pan      | Gained mutation: You are highly strong-willed. (Will++)
                  | [Jiyva's grace]
 76422 | Pan      | Gained mutation: You are extremely strong-willed. (Will+++)
                  | [Jiyva's grace]
 76422 | Pan      | Gained mutation: Your muscles are strong. (Str +4, Int/Dex
                  | -1) [Jiyva's grace]
 76422 | Pan      | Gained mutation: Your muscles are very strong. (Str +8,
                  | Int/Dex -2) [Jiyva's grace]
 76525 | Pan      | Noticed Tuor the pandemonium lord
 76537 | Pan      | Killed Tuor the pandemonium lord
 76708 | Pan      | Entered the realm of Mnoleg.
 76712 | Pan      | Identified the +5 ring mail "Bunleb" {rC+ Regen+}
 76728 | Pan      | Lost mutation: Your muscles are very strong. (Str +8,
                  | Int/Dex -2) [a cacodemon]
 76741 | Pan      | Acquired 882 gold pieces
 76907 | Pan      | Gained mutation: You occasionally lose the ability to read
                  | scrolls when taking damage. [a cacodemon]
 76969 | Pan      | Identified the +4 chain mail "Onedeunge" {rPois Int+4 Dex+4
                  | Slay-6}
 77019 | Pan      | Found an exit through the horrors of the Abyss.
 77135 | Pan      | Lost mutation: You have hidden genetic potential. [a
                  | neqoxec]
 77198 | Pan      | Gained mutation: Your magical capacity is low. (-10% MP) [a
                  | cacodemon]
 77394 | Pan      | Noticed Mnoleg
 77399 | Pan      | Killed Mnoleg
 77450 | Pan      | Got a glowing rune of Zot
 77675 | Pan      | Lost mutation: Your system is resistant to poisons. (rPois)
                  | [Jiyva's grace]
 77675 | Pan      | Lost mutation: Your muscles are strong. (Str +4, Int/Dex
                  | -1) [Jiyva's grace]
 77675 | Pan      | Lost mutation: Armour fits poorly on your massive
                  | pseudopods. [Jiyva's grace]
 77675 | Pan      | Lost mutation: You are covered in slimy tendrils that may
                  | disarm your opponents. [Jiyva's grace]
 77675 | Pan      | Lost mutation: You occasionally lose the ability to read
                  | scrolls when taking damage. [Jiyva's grace]
 77675 | Pan      | Gained mutation: You have very sharp teeth. [Jiyva's grace]
 77675 | Pan      | Gained mutation: You have extremely sharp teeth. [Jiyva's
                  | grace]
 77675 | Pan      | Gained mutation: You have razor-sharp teeth. [Jiyva's
                  | grace]
 77675 | Pan      | Gained mutation: You have a small jelly attached to you
                  | that senses nearby items. [Jiyva's grace]
 77830 | Pan      | Noticed Jitt the pandemonium lord
 77924 | Pan      | Killed Jitt the pandemonium lord
 78000 | Pan      | Identified the ring "Ezungyi" {AC+4 Str+2 Int+3 Dex-4 SInv}
 78546 | Pan      | Entered the realm of Cerebov.
 78568 | Pan      | Identified the +5 morningstar of the Solemn God {spect,
                  | Str+2 Int+2}
 78570 | Pan      | Got Upefeod's Tome of Boreal Breath
 78603 | Pan      | Found the +6 sword of Cerebov {flame}
 78603 | Pan      | Noticed Cerebov
 78607 | Pan      | Lost mutation: You have a pair of small antennae on your
                  | head. [Jiyva's grace]
 78607 | Pan      | Lost mutation: You have razor-sharp teeth. [Jiyva's grace]
 78607 | Pan      | Lost mutation: You have supernaturally acute eyesight.
                  | (SInv) [Jiyva's grace]
 78607 | Pan      | Lost mutation: Your magical capacity is low. (-10% MP)
                  | [Jiyva's grace]
 78607 | Pan      | Lost mutation: You are extremely strong-willed. (Will+++)
                  | [Jiyva's grace]
 78607 | Pan      | Lost mutation: Armour fits poorly on your large pseudopods.
                  | [Jiyva's grace]
 78607 | Pan      | Gained mutation: You are covered in slimy tendrils that may
                  | disarm your opponents. [Jiyva's grace]
 78607 | Pan      | Gained mutation: You are partially covered in large bone
                  | plates. (SH +4) [Jiyva's grace]
 78607 | Pan      | Gained mutation: You are mostly covered in large bone
                  | plates. (SH +6) [Jiyva's grace]
 78607 | Pan      | Gained mutation: You are completely covered in large bone
                  | plates. (SH +8) [Jiyva's grace]
 79011 | Pan      | Killed Cerebov
 79064 | Pan      | Got a fiery rune of Zot
 79098 | Pan      | Identified the +9 scimitar of Acyasyla {spect, +Blink rF++
                  | Str+9 Int-4}
 79157 | Pan      | Got Joil Tis's Secrets of the Dead and the Snake
 79701 | Pan      | Noticed Utit the pandemonium lord
 79708 | Pan      | Killed Utit the pandemonium lord
 79727 | Pan      | Got the Catalogue of the Iceberg and Poison
 79922 | Pan      | Found an exit through the horrors of the Abyss.
 80153 | Pan      | Entered the realm of Lom Lobon.
 80168 | Pan      | Lost mutation: You are completely covered in large bone
                  | plates. (SH +8) [Jiyva's grace]
 80168 | Pan      | Lost mutation: You are mostly covered in large bone plates.
                  | (SH +6) [Jiyva's grace]
 80168 | Pan      | Lost mutation: You are partially covered in large bone
                  | plates. (SH +4) [Jiyva's grace]
 80168 | Pan      | Gained mutation: Your mind is acute. (Int +4, Str/Dex -1)
                  | [Jiyva's grace]
 80168 | Pan      | Gained mutation: Your mind is very acute. (Int +8, Str/Dex
                  | -2) [Jiyva's grace]
 80168 | Pan      | Gained mutation: You possess an exceptional clarity of
                  | mind. [Jiyva's grace]
 80168 | Pan      | Gained mutation: Armour fits poorly on your large
                  | pseudopods. [Jiyva's grace]
 80701 | Pan      | Found an exit through the horrors of the Abyss.
 81080 | Pan      | Noticed Lom Lobon
 81107 | Pan      | Got Weahak's Textbook on Pyromania
 81198 | Pan      | Killed Lom Lobon
 81242 | Pan      | Got a magical rune of Zot
 81530 | Pan      | Found an exit through the horrors of the Abyss.
 81974 | Pan      | Lost mutation: One of your tentacles bears a nasty spike.
                  | [Jiyva's grace]
 81974 | Pan      | Lost mutation: You possess an exceptional clarity of mind.
                  | [Jiyva's grace]
 81974 | Pan      | Lost mutation: You are resistant to electric shocks.
                  | (rElec) [Jiyva's grace]
 81974 | Pan      | Lost mutation: Armour fits poorly on your large pseudopods.
                  | [Jiyva's grace]
 81974 | Pan      | Lost mutation: Armour fits poorly on your pseudopods.
                  | [Jiyva's grace]
 81974 | Pan      | Lost mutation: You have a small jelly attached to you that
                  | may absorb projectiles. [Jiyva's grace]
 81974 | Pan      | Gained mutation: Your spells are a little harder to cast,
                  | but a little more powerful. [Jiyva's grace]
 81974 | Pan      | Gained mutation: Your spells are harder to cast, but more
                  | powerful. [Jiyva's grace]
 81974 | Pan      | Gained mutation: Your spells are much harder to cast, but
                  | much more powerful. [Jiyva's grace]
 81974 | Pan      | Gained mutation: Armour fits poorly on your pseudopods.
                  | [Jiyva's grace]
 82038 | Pan      | Identified the +6 long sword of Ru's Indignation {freeze,
                  | rF+ rN+ Dex+4}
 82677 | Pan      | Noticed Luoschora the pandemonium lord
 82687 | Pan      | Killed Luoschora the pandemonium lord
 82872 | Pan      | Found an exit through the horrors of the Abyss.
 83441 | Pan      | Found an exit through the horrors of the Abyss.
 83502 | Pan      | Lost mutation: Your skin blends seamlessly with your
                  | surroundings (Stealth++). [Jiyva's grace]
 83502 | Pan      | Lost mutation: You are highly strong-willed. (Will++)
                  | [Jiyva's grace]
 83502 | Pan      | Lost mutation: You have a small jelly attached to you that
                  | senses nearby items. [Jiyva's grace]
 83502 | Pan      | Gained mutation: Your flesh is cold resistant. (rC+)
                  | [Jiyva's grace]
 83502 | Pan      | Gained mutation: Your flesh is very cold resistant. (rC++)
                  | [Jiyva's grace]
 83502 | Pan      | Gained mutation: Your flesh is almost immune to the effects
                  | of cold. (rC+++) [Jiyva's grace]
 83502 | Pan      | Gained mutation: You have acidic saliva. [Jiyva's grace]
 83557 | Pan      | Noticed Qulie the pandemonium lord
 83567 | Pan      | Killed Qulie the pandemonium lord
 83624 | Depths:2 | Escaped Pandemonium
 84461 | Pan      | Entered Pandemonium
 84631 | Pan      | Found an exit through the horrors of the Abyss.
 84801 | Pan      | Noticed Qokh the pandemonium lord
 84815 | Pan      | Killed Qokh the pandemonium lord
 85279 | Pan      | Gained mutation: Your body sometimes deteriorates upon
                  | taking damage. [a cacodemon]
 85541 | Pan      | Noticed Fiocseall the pandemonium lord
 85548 | Pan      | Killed Fiocseall the pandemonium lord
 85549 | Pan      | Lost mutation: You have extremely sharp teeth. [Jiyva's
                  | grace]
 85549 | Pan      | Lost mutation: You have very sharp teeth. [Jiyva's grace]
 85549 | Pan      | Lost mutation: Your flesh is almost immune to the effects
                  | of cold. (rC+++) [Jiyva's grace]
 85549 | Pan      | Lost mutation: Your body sometimes deteriorates upon taking
                  | damage. [Jiyva's grace]
 85549 | Pan      | Lost mutation: You are strong-willed. (Will+) [Jiyva's
                  | grace]
 85549 | Pan      | Lost mutation: Your spells are much harder to cast, but
                  | much more powerful. [Jiyva's grace]
 85549 | Pan      | Gained mutation: You are partially covered in large bone
                  | plates. (SH +4) [Jiyva's grace]
 85549 | Pan      | Gained mutation: You are mostly covered in large bone
                  | plates. (SH +6) [Jiyva's grace]
 85549 | Pan      | Gained mutation: You are completely covered in large bone
                  | plates. (SH +8) [Jiyva's grace]
 85549 | Pan      | Gained mutation: Your flesh is heat resistant. (rF+)
                  | [Jiyva's grace]
 85579 | Pan      | Reached skill level 15 in Necromancy
 85603 | Pan      | Found an exit through the horrors of the Abyss.
 86250 | Pan      | Found an exit through the horrors of the Abyss.
 87064 | Pan      | Identified the ring "Gadweg" {rF+ rN+}
 87355 | Pan      | Noticed Ludocvyobu the pandemonium lord
 87360 | Pan      | Killed Ludocvyobu the pandemonium lord
 87561 | Pan      | Found an exit through the horrors of the Abyss.
 87604 | Pan      | Gained mutation: Your gelatinous body deflects attacks. (AC
                  | +3, EV +3) [Jiyva's grace]
 87604 | Pan      | Gained mutation: You have a small jelly attached to you
                  | that senses nearby items. [Jiyva's grace]
 87604 | Pan      | Gained mutation: You expend magic power (3 MP) to
                  | strengthen your wands. [Jiyva's grace]
 87604 | Pan      | Gained mutation: Your flesh is almost immune to the effects
                  | of cold. (rC+++) [Jiyva's grace]
 87894 | Pan      | Noticed Feontof the pandemonium lord
 87899 | Pan      | Killed Feontof the pandemonium lord
 88375 | Pan      | Noticed Agekes the pandemonium lord
 88382 | Pan      | Killed Agekes the pandemonium lord
 88624 | Pan      | Found an exit through the horrors of the Abyss.
 88737 | Pan      | Lost mutation: One of your tentacles bears a spike.
                  | [Jiyva's grace]
 88737 | Pan      | Lost mutation: Your flesh is heat resistant. (rF+) [Jiyva's
                  | grace]
 88737 | Pan      | Lost mutation: You are covered in slimy tendrils that may
                  | disarm your opponents. [Jiyva's grace]
 88737 | Pan      | Gained mutation: You are covered in slimy tendrils that may
                  | disarm your opponents. [Jiyva's grace]
 88737 | Pan      | Gained mutation: You have hidden genetic potential.
                  | [Jiyva's grace]
 88737 | Pan      | Gained mutation: You have great hidden genetic potential.
                  | [Jiyva's grace]
 88737 | Pan      | Gained mutation: Your skin blends seamlessly with your
                  | surroundings (Stealth++). [Jiyva's grace]
 89131 | Pan      | Noticed Jomiffit the pandemonium lord
 89137 | Pan      | Killed Jomiffit the pandemonium lord
 89351 | Pan      | Found an exit through the horrors of the Abyss.
 89514 | Pan      | Identified the +4 great sword "Urraoga" {spect, rElec rF+
                  | Str-2 Dex+3}
 89796 | Pan      | Gained mutation: Potions are less effective at restoring
                  | your health. [a neqoxec]
 89984 | Pan      | Found an exit through the horrors of the Abyss.
 90178 | Pan      | Found a runed translucent door.
 90184 | Pan      | Found a runed translucent door.
 90188 | Pan      | Found a runed translucent door.
 90190 | Pan      | Noticed Ybluet the pandemonium lord
 90199 | Pan      | Killed Ybluet the pandemonium lord
 90261 | Pan      | Found a runed translucent door.
 90291 | Pan      | Identified the +4 chain mail of Omission {rF- rN+ Str+4}
 90533 | Pan      | Got the Spellbook of Hiemal Spelunking
 90581 | Pan      | Acquired a book of Necromancy
 90708 | Pan      | Lost mutation: Your mind is very acute. (Int +8, Str/Dex
                  | -2) [Jiyva's grace]
 90708 | Pan      | Lost mutation: You have acidic saliva. [Jiyva's grace]
 90708 | Pan      | Lost mutation: Armour fits poorly on your pseudopods.
                  | [Jiyva's grace]
 90708 | Pan      | Lost mutation: Potions are less effective at restoring your
                  | health. [Jiyva's grace]
 90708 | Pan      | Gained mutation: One of your tentacles bears a spike.
                  | [Jiyva's grace]
 90708 | Pan      | Gained mutation: One of your tentacles bears a nasty spike.
                  | [Jiyva's grace]
 90708 | Pan      | Gained mutation: One of your tentacles bears a large
                  | vicious spike. [Jiyva's grace]
 90708 | Pan      | Gained mutation: You are strong-willed. (Will+) [Jiyva's
                  | grace]
 90841 | Pan      | Found an exit through the horrors of the Abyss.
 90843 | Pan      | Noticed Iwkat the pandemonium lord
 90848 | Pan      | Killed Iwkat the pandemonium lord
 91417 | Pan      | Noticed Bawixob the pandemonium lord
 91423 | Pan      | Killed Bawixob the pandemonium lord
 91449 | Pan      | Gained mutation: You sometimes lose your temper in combat.
                  | [a cacodemon]
 91728 | Pan      | Identified the +3 chain mail of Mixyqy {+Blink rC+ rN+
                  | Slay-5}
 91747 | Pan      | Identified the +8 quarterstaff of Woe {speed, Dex+4 Stlth+}
 92225 | Pan      | Lost mutation: One of your tentacles bears a large vicious
                  | spike. [Jiyva's grace]
 92225 | Pan      | Lost mutation: You are completely covered in large bone
                  | plates. (SH +8) [Jiyva's grace]
 92225 | Pan      | Lost mutation: Your flesh is almost immune to the effects
                  | of cold. (rC+++) [Jiyva's grace]
 92225 | Pan      | Lost mutation: You have a small jelly attached to you that
                  | senses nearby items. [Jiyva's grace]
 92225 | Pan      | Gained mutation: Armour fits poorly on your pseudopods.
                  | [Jiyva's grace]
 92225 | Pan      | Gained mutation: Armour fits poorly on your large
                  | pseudopods. [Jiyva's grace]
 92225 | Pan      | Gained mutation: Armour fits poorly on your massive
                  | pseudopods. [Jiyva's grace]
 92225 | Pan      | Gained mutation: You are completely covered in large bone
                  | plates. (SH +8) [Jiyva's grace]
 92325 | Pan      | Gained mutation: You occasionally lose the ability to read
                  | scrolls when taking damage. [a neqoxec]
 92337 | Pan      | Found an exit through the horrors of the Abyss.
 92353 | Pan      | Noticed Nasioki the pandemonium lord
 92359 | Pan      | Killed Nasioki the pandemonium lord
 92721 | Pan      | Noticed Ohimpih the pandemonium lord
 92745 | Pan      | Killed Ohimpih the pandemonium lord
 92781 | Pan      | Found an exit through the horrors of the Abyss.
 92850 | Pan      | Lost mutation: You sometimes lose your temper in combat.
                  | [Jiyva's grace]
 92850 | Pan      | Lost mutation: Your mind is acute. (Int +4, Str/Dex -1)
                  | [Jiyva's grace]
 92850 | Pan      | Lost mutation: Your flesh is very cold resistant. (rC++)
                  | [Jiyva's grace]
 92850 | Pan      | Lost mutation: Your spells are harder to cast, but more
                  | powerful. [Jiyva's grace]
 92850 | Pan      | Lost mutation: Your gelatinous body deflects attacks. (AC
                  | +3, EV +3) [Jiyva's grace]
 92850 | Pan      | Lost mutation: You have great hidden genetic potential.
                  | [Jiyva's grace]
 92850 | Pan      | Lost mutation: You are covered in slimy tendrils that may
                  | disarm your opponents. [Jiyva's grace]
 92850 | Pan      | Lost mutation: You occasionally lose the ability to read
                  | scrolls when taking damage. [Jiyva's grace]
 92850 | Pan      | Gained mutation: You are resistant to electric shocks.
                  | (rElec) [Jiyva's grace]
 92850 | Pan      | Lost mutation: You have hidden genetic potential. [Jiyva's
                  | grace]
 92850 | Pan      | Gained mutation: You are somewhat resistant to further
                  | mutation. [Jiyva's grace]
 92850 | Pan      | Gained mutation: You are somewhat resistant to both further
                  | mutation and mutation removal. [Jiyva's grace]
 92850 | Pan      | Gained mutation: You are almost entirely resistant to
                  | further mutation and mutation removal. [Jiyva's grace]
 93087 | Pan      | Reached skill level 27 in Transmutations
 93523 | Pan      | Noticed Foserchuf the pandemonium lord
 93527 | Pan      | Killed Foserchuf the pandemonium lord
 93574 | Pan      | Found an exit through the horrors of the Abyss.
 93630 | Pan      | Identified the +0 whip "Raenwucs" {flame, rPois}
 94137 | Pan      | Lost mutation: Your flesh is cold resistant. (rC+) [Jiyva's
                  | grace]
 94137 | Pan      | Lost mutation: You are strong-willed. (Will+) [Jiyva's
                  | grace]
 94137 | Pan      | Lost mutation: You are almost entirely resistant to further
                  | mutation and mutation removal. [Jiyva's grace]
 94137 | Pan      | Lost mutation: You are somewhat resistant to both further
                  | mutation and mutation removal. [Jiyva's grace]
 94137 | Pan      | Lost mutation: Armour fits poorly on your massive
                  | pseudopods. [Jiyva's grace]
 94137 | Pan      | Lost mutation: You expend magic power (3 MP) to strengthen
                  | your wands. [Jiyva's grace]
 94137 | Pan      | Gained mutation: Your melee attacks may engulf your foes in
                  | ooze. [Jiyva's grace]
 94137 | Pan      | Gained mutation: You possess an exceptional clarity of
                  | mind. [Jiyva's grace]
 94137 | Pan      | Gained mutation: You are robust. (+10% HP) [Jiyva's grace]
 94137 | Pan      | Gained mutation: You are very robust. (+20% HP) [Jiyva's
                  | grace]
 94147 | Pan      | Noticed Qope the pandemonium lord
 94154 | Pan      | Killed Qope the pandemonium lord
 94463 | Pan      | Identified the +3 mace of Pestilence {venom, Will+ SInv}
 94474 | Pan      | Found an exit through the horrors of the Abyss.
 94667 | Pan      | Noticed Omiuble the pandemonium lord
 94689 | Pan      | Killed Omiuble the pandemonium lord
 94904 | Pan      | Found an exit through the horrors of the Abyss.
 95449 | Pan      | Noticed Esawawafou the pandemonium lord
 95453 | Pan      | Killed Esawawafou the pandemonium lord
 95529 | Pan      | Found an exit through the horrors of the Abyss.
 95586 | Pan      | Lost mutation: You possess an exceptional clarity of mind.
                  | [Jiyva's grace]
 95586 | Pan      | Lost mutation: You are very robust. (+20% HP) [Jiyva's
                  | grace]
 95586 | Pan      | Lost mutation: You are resistant to electric shocks.
                  | (rElec) [Jiyva's grace]
 95586 | Pan      | Lost mutation: Armour fits poorly on your large pseudopods.
                  | [Jiyva's grace]
 95586 | Pan      | Gained mutation: You have supernaturally acute eyesight.
                  | (SInv) [Jiyva's grace]
 95586 | Pan      | Gained mutation: Your mind is acute. (Int +4, Str/Dex -1)
                  | [Jiyva's grace]
 95586 | Pan      | Gained mutation: Your mind is very acute. (Int +8, Str/Dex
                  | -2) [Jiyva's grace]
 95586 | Pan      | Gained mutation: You are somewhat resistant to both further
                  | mutation and mutation removal. [Jiyva's grace]
 95849 | Depths:2 | Escaped Pandemonium
 96040 | D:10     | You paid a toll of a +5 demon blade to enter a treasure
                  | trove
 96041 | Trove    | Entered a treasure trove
 96043 | Trove    | Found a bloodstained altar of Trog.
 96046 | Trove    | Identified the +9 quarterstaff "Mimuel" {flame, +Blink
                  | Str+9 Stlth-}
 96070 | Trove    | Identified the +6 triple sword "Dusoon" {elec, Will- Int+4
                  | Dex+5 SInv}
 96072 | Trove    | Identified the +2 dagger "Jelly's Demise" {drain, rN+
                  | rCorr}
 96074 | Trove    | Identified the +7 mace of the Golden God {flame, Will+
                  | Dex+4}
 96075 | Trove    | Identified the +14 dagger of Demonkind {antimagic, +Blink
                  | rF++ rN+ Str-5}
 96095 | Trove    | Identified the +4 war axe of Qahub {speed, Contam rPois rN+
                  | Str+4}
 96097 | Trove    | Identified the +7 dagger of the Nexus {flame, Int+4}
 96435 | Pan      | Entered Pandemonium
 96710 | Pan      | Noticed Idwid the pandemonium lord
 96715 | Pan      | Killed Idwid the pandemonium lord
 96716 | Pan      | Reached skill level 27 in Air Magic
 96814 | Pan      | Reached skill level 27 in Fighting
 97429 | Pan      | Found an exit through the horrors of the Abyss.
 97557 | Pan      | Noticed Eleneham the pandemonium lord
 97570 | Pan      | Killed Eleneham the pandemonium lord
 97934 | Pan      | Found an exit through the horrors of the Abyss.
 98112 | Pan      | Lost mutation: You are completely covered in large bone
                  | plates. (SH +8) [Jiyva's grace]
 98112 | Pan      | Lost mutation: You are mostly covered in large bone plates.
                  | (SH +6) [Jiyva's grace]
 98112 | Pan      | Lost mutation: You are somewhat resistant to both further
                  | mutation and mutation removal. [Jiyva's grace]
 98112 | Pan      | Lost mutation: You are robust. (+10% HP) [Jiyva's grace]
 98112 | Pan      | Lost mutation: Your pliable body absorbs attacks. (AC +2,
                  | EV +2) [Jiyva's grace]
 98112 | Pan      | Gained mutation: You are partially covered in iridescent
                  | scales. (AC +2) [Jiyva's grace]
 98112 | Pan      | Gained mutation: You are mostly covered in iridescent
                  | scales. (AC +4) [Jiyva's grace]
 98112 | Pan      | Gained mutation: You are completely covered in iridescent
                  | scales. (AC +6) [Jiyva's grace]
 98112 | Pan      | Gained mutation: You expend magic power (3 MP) to
                  | strengthen your wands. [Jiyva's grace]
 98160 | Pan      | Noticed Xireq the pandemonium lord
 98168 | Pan      | Killed Xireq the pandemonium lord
 98379 | Pan      | Found an exit through the horrors of the Abyss.
 99308 | Pan      | Found a transporter.
 99413 | Pan      | Found a transporter.
 99422 | Pan      | Lost mutation: One of your tentacles bears a nasty spike.
                  | [Jiyva's grace]
 99422 | Pan      | Lost mutation: One of your tentacles bears a spike.
                  | [Jiyva's grace]
 99422 | Pan      | Lost mutation: You are completely covered in iridescent
                  | scales. (AC +6) [Jiyva's grace]
 99422 | Pan      | Lost mutation: Your spells are a little harder to cast, but
                  | a little more powerful. [Jiyva's grace]
 99422 | Pan      | Lost mutation: Your melee attacks may engulf your foes in
                  | ooze. [Jiyva's grace]
 99422 | Pan      | Gained mutation: You possess an exceptional clarity of
                  | mind. [Jiyva's grace]
 99422 | Pan      | Gained mutation: Your spells are a little harder to cast,
                  | but a little more powerful. [Jiyva's grace]
 99422 | Pan      | Gained mutation: Your spells are harder to cast, but more
                  | powerful. [Jiyva's grace]
 99422 | Pan      | Gained mutation: Your spells are much harder to cast, but
                  | much more powerful. [Jiyva's grace]
 99548 | Pan      | Found an exit through the horrors of the Abyss.
100275 | Pan      | Identified the ring of Boson {rC+ AC+4 Dex+4}
100288 | Pan      | Identified the amulet of Noecuwnebo {Faith rCorr Str+6}
100431 | Pan      | Noticed Imnenew the pandemonium lord
100435 | Pan      | Killed Imnenew the pandemonium lord
100576 | Pan      | Found an exit through the horrors of the Abyss.
100984 | Pan      | Found a white marble altar of Elyvilon.
101308 | Pan      | Identified the +1 buckler of Anarchy {Will+ Int+3}
101777 | Pan      | Found a glowing silver altar of Zin.
101787 | Pan      | Reached skill level 27 in Dodging
101894 | Pan      | Lost mutation: You have supernaturally acute eyesight.
                  | (SInv) [Jiyva's grace]
101894 | Pan      | Gained mutation: Your muscles are strong. (Str +4, Int/Dex
                  | -1) [Jiyva's grace]
101894 | Pan      | Gained mutation: Your muscles are very strong. (Str +8,
                  | Int/Dex -2) [Jiyva's grace]
101894 | Pan      | Gained mutation: Armour fits poorly on your large
                  | pseudopods. [Jiyva's grace]
101894 | Pan      | Gained mutation: Armour fits poorly on your massive
                  | pseudopods. [Jiyva's grace]
102079 | Pan      | Found a glowing golden altar of the Shining One.
102081 | Pan      | Identified the ring of Moderation {Wiz Int+4}
102081 | Pan      | Noticed a seraph
102084 | Pan      | Killed a seraph
102121 | Pan      | Identified the +3 quarterstaff of the Stopping Stoat {pain,
                  | rElec rC+++ Int-2 Dex+8}
102130 | Pan      | Got the Quarto of the Grisly Blizzard
102133 | Pan      | Identified the +5 pair of boots "Icesoxaf" {Fly Str-3 Dex+4
                  | Slay+2}
102545 | Pan      | Reached skill level 15 in Spellcasting
102644 | Pan      | Noticed Ypteaphom the pandemonium lord
102655 | Pan      | Killed Ypteaphom the pandemonium lord
102796 | Pan      | Identified the +4 chain mail of Hangman {rC+ Int+4 Slay+2}
102850 | Pan      | Identified the +13 plate armour of the Cartwright {Regen+}
103256 | Pan      | Found an exit through the horrors of the Abyss.
103475 | Pan      | Noticed Xeas the pandemonium lord
103479 | Pan      | Killed Xeas the pandemonium lord
103657 | Pan      | Lost mutation: Your skin blends seamlessly with your
                  | surroundings (Stealth++). [Jiyva's grace]
103657 | Pan      | Lost mutation: You possess an exceptional clarity of mind.
                  | [Jiyva's grace]
103657 | Pan      | Lost mutation: Armour fits poorly on your massive
                  | pseudopods. [Jiyva's grace]
103657 | Pan      | Lost mutation: Armour fits poorly on your large pseudopods.
                  | [Jiyva's grace]
103657 | Pan      | Gained mutation: You have a small jelly attached to you
                  | that may absorb projectiles. [Jiyva's grace]
103657 | Pan      | Gained mutation: You are completely covered in iridescent
                  | scales. (AC +6) [Jiyva's grace]
103657 | Pan      | Lost mutation: You are somewhat resistant to further
                  | mutation. [Jiyva's grace]
103657 | Pan      | Gained mutation: You have hidden genetic potential.
                  | [Jiyva's grace]
103657 | Pan      | Gained mutation: You have great hidden genetic potential.
                  | [Jiyva's grace]
104188 | Pan      | Gained mutation: Your body sometimes deteriorates upon
                  | taking damage. [a cacodemon]
104201 | Pan      | Identified the +6 sling "Ninanwac" {flame, rF- rC++ Int+5}
104528 | Pan      | Found an exit through the horrors of the Abyss.
104718 | Pan      | Noticed Ysyunoa the pandemonium lord
104729 | Pan      | Killed Ysyunoa the pandemonium lord
104816 | Pan      | Found an exit through the horrors of the Abyss.
105038 | Pan      | Lost mutation: You are partially covered in large bone
                  | plates. (SH +4) [Jiyva's grace]
105038 | Pan      | Lost mutation: Your body sometimes deteriorates upon taking
                  | damage. [Jiyva's grace]
105038 | Pan      | Lost mutation: Your spells are much harder to cast, but
                  | much more powerful. [Jiyva's grace]
105038 | Pan      | Lost mutation: You have great hidden genetic potential.
                  | [Jiyva's grace]
105038 | Pan      | Gained mutation: You have supernaturally acute eyesight.
                  | (SInv) [Jiyva's grace]
105038 | Pan      | Gained mutation: Armour fits poorly on your large
                  | pseudopods. [Jiyva's grace]
105038 | Pan      | Gained mutation: Armour fits poorly on your massive
                  | pseudopods. [Jiyva's grace]
105038 | Pan      | Gained mutation: You are resistant to electric shocks.
                  | (rElec) [Jiyva's grace]
105280 | Pan      | Acquired 598 gold pieces
105338 | Pan      | Noticed Ymmue the pandemonium lord
105343 | Pan      | Killed Ymmue the pandemonium lord
105373 | Pan      | Reached skill level 27 in Unarmed Combat
105562 | Pan      | Identified the +1 scimitar of Noruviboa {drain, rN+ Int+3
                  | Dex+3}
105805 | Pan      | Found an exit through the horrors of the Abyss.
106011 | Pan      | Noticed Jimexim the pandemonium lord
106017 | Pan      | Killed Jimexim the pandemonium lord
106335 | Pan      | Lost mutation: Your muscles are very strong. (Str +8,
                  | Int/Dex -2) [Jiyva's grace]
106335 | Pan      | Lost mutation: You have a small jelly attached to you that
                  | may absorb projectiles. [Jiyva's grace]
106335 | Pan      | Gained mutation: You passively dampen the noise of your
                  | surroundings. [Jiyva's grace]
106335 | Pan      | Gained mutation: Your muscles are very strong. (Str +8,
                  | Int/Dex -2) [Jiyva's grace]
106335 | Pan      | Gained mutation: You are covered in fur. (AC +1) [Jiyva's
                  | grace]
106335 | Pan      | Gained mutation: You are covered in thick fur. (AC +2)
                  | [Jiyva's grace]
106484 | Pan      | Found an exit through the horrors of the Abyss.
107079 | Pan      | Gained mutation: You occasionally shout uncontrollably at
                  | your foes. [a neqoxec]
107157 | Pan      | Found an exit through the horrors of the Abyss.
107352 | Pan      | Noticed Borouju the pandemonium lord
107365 | Pan      | Killed Borouju the pandemonium lord
107511 | Pan      | Gained mutation: You are agile. (Dex +4, Str/Int -1)
                  | [hidden potential]
107875 | Pan      | Noticed Bikhliora the pandemonium lord
107884 | Pan      | Killed Bikhliora the pandemonium lord
108003 | Pan      | Lost mutation: You are completely covered in iridescent
                  | scales. (AC +6) [Jiyva's grace]
108003 | Pan      | Lost mutation: Your muscles are very strong. (Str +8,
                  | Int/Dex -2) [Jiyva's grace]
108003 | Pan      | Lost mutation: You expend magic power (3 MP) to strengthen
                  | your wands. [Jiyva's grace]
108003 | Pan      | Gained mutation: You are covered in slimy tendrils that may
                  | disarm your opponents. [Jiyva's grace]
108003 | Pan      | Gained mutation: A frigid envelope surrounds you and
                  | freezes all who hurt you. [Jiyva's grace]
108003 | Pan      | Gained mutation: Your muscles are very strong. (Str +8,
                  | Int/Dex -2) [Jiyva's grace]
108003 | Pan      | Gained mutation: You are strong-willed. (Will+) [Jiyva's
                  | grace]
108518 | Pan      | Found an exit through the horrors of the Abyss.
109271 | Pan      | Noticed Hufros the pandemonium lord
109278 | Pan      | Killed Hufros the pandemonium lord
109667 | Pan      | Lost mutation: You have supernaturally acute eyesight.
                  | (SInv) [Jiyva's grace]
109667 | Pan      | Lost mutation: Your mind is very acute. (Int +8, Str/Dex
                  | -2) [Jiyva's grace]
109667 | Pan      | Lost mutation: Your mind is acute. (Int +4, Str/Dex -1)
                  | [Jiyva's grace]
109667 | Pan      | Lost mutation: You occasionally shout uncontrollably at
                  | your foes. [Jiyva's grace]
109667 | Pan      | Lost mutation: Your muscles are very strong. (Str +8,
                  | Int/Dex -2) [Jiyva's grace]
109667 | Pan      | Lost mutation: Your muscles are strong. (Str +4, Int/Dex
                  | -1) [Jiyva's grace]
109667 | Pan      | Lost mutation: Armour fits poorly on your massive
                  | pseudopods. [Jiyva's grace]
109667 | Pan      | Lost mutation: You have hidden genetic potential. [Jiyva's
                  | grace]
109667 | Pan      | Lost mutation: You are covered in slimy tendrils that may
                  | disarm your opponents. [Jiyva's grace]
109667 | Pan      | Gained mutation: You possess an exceptional clarity of
                  | mind. [Jiyva's grace]
109667 | Pan      | Gained mutation: You are completely covered in iridescent
                  | scales. (AC +6) [Jiyva's grace]
109667 | Pan      | Gained mutation: Your flesh is cold resistant. (rC+)
                  | [Jiyva's grace]
109667 | Pan      | Gained mutation: Your flesh is very cold resistant. (rC++)
                  | [Jiyva's grace]
109730 | Pan      | Noticed Kurarikh the pandemonium lord
109741 | Pan      | Killed Kurarikh the pandemonium lord
110765 | Pan      | Noticed Ukiklon the pandemonium lord
110773 | Pan      | Killed Ukiklon the pandemonium lord
110796 | Pan      | Identified the +7 arbalest "Ipiur" {penet, Int+7}
110889 | Pan      | Found an exit through the horrors of the Abyss.
110933 | Pan      | Lost mutation: You are completely covered in iridescent
                  | scales. (AC +6) [Jiyva's grace]
110933 | Pan      | Lost mutation: You are mostly covered in iridescent scales.
                  | (AC +4) [Jiyva's grace]
110933 | Pan      | Lost mutation: You are partially covered in iridescent
                  | scales. (AC +2) [Jiyva's grace]
110933 | Pan      | Lost mutation: You are strong-willed. (Will+) [Jiyva's
                  | grace]
110933 | Pan      | Lost mutation: A frigid envelope surrounds you and freezes
                  | all who hurt you. [Jiyva's grace]
110933 | Pan      | Lost mutation: You are covered in thick fur. (AC +2)
                  | [Jiyva's grace]
110933 | Pan      | Lost mutation: You are covered in fur. (AC +1) [Jiyva's
                  | grace]
110933 | Pan      | Lost mutation: You are resistant to electric shocks.
                  | (rElec) [Jiyva's grace]
110933 | Pan      | Lost mutation: Armour fits poorly on your large pseudopods.
                  | [Jiyva's grace]
110933 | Pan      | Lost mutation: You passively dampen the noise of your
                  | surroundings. [Jiyva's grace]
110933 | Pan      | Gained mutation: You have hidden genetic potential.
                  | [Jiyva's grace]
110933 | Pan      | Gained mutation: You have great hidden genetic potential.
                  | [Jiyva's grace]
110933 | Pan      | Gained mutation: Your pliable body absorbs attacks. (AC +2,
                  | EV +2) [Jiyva's grace]
110933 | Pan      | Gained mutation: Your gelatinous body deflects attacks. (AC
                  | +3, EV +3) [Jiyva's grace]
111092 | Pan      | Learned a level 2 spell: Sublimation of Blood
111095 | Pan      | Learned a level 2 spell: Blink
111106 | Pan      | Learned a level 8 spell: Borgnjor's Revivification
111284 | Pan      | Noticed Ijoophah the pandemonium lord
111291 | Pan      | Killed Ijoophah the pandemonium lord
111292 | Pan      | Reached skill level 27 in Necromancy
111937 | Pan      | Found a runed translucent door.
111941 | Pan      | Found a runed translucent door.
111944 | Pan      | Found a runed translucent door.
111953 | Pan      | Noticed Jorphel the pandemonium lord
111960 | Pan      | Killed Jorphel the pandemonium lord
112025 | Pan      | Found a runed translucent door.
112233 | Pan      | Identified the +0 pair of gloves of the Heavens {rPois}
112634 | Pan      | Noticed Afuew the pandemonium lord
112653 | Pan      | Killed Afuew the pandemonium lord
112718 | Pan      | Lost mutation: Your spells are harder to cast, but more
                  | powerful. [Jiyva's grace]
112718 | Pan      | Lost mutation: Your gelatinous body deflects attacks. (AC
                  | +3, EV +3) [Jiyva's grace]
112718 | Pan      | Gained mutation: You are strong-willed. (Will+) [Jiyva's
                  | grace]
112718 | Pan      | Gained mutation: You are highly strong-willed. (Will++)
                  | [Jiyva's grace]
112718 | Pan      | Gained mutation: You are extremely strong-willed. (Will+++)
                  | [Jiyva's grace]
112718 | Pan      | Gained mutation: Your spells are harder to cast, but more
                  | powerful. [Jiyva's grace]
113044 | Pan      | Found an exit through the horrors of the Abyss.
113161 | Pan      | Noticed Lecac the pandemonium lord
113165 | Pan      | Killed Lecac the pandemonium lord
113166 | Pan      | Reached skill level 5 in Stealth
113562 | Pan      | Found an exit through the horrors of the Abyss.
113647 | Pan      | Found an exit through the horrors of the Abyss.
113807 | Pan      | Gained mutation: You occasionally shout uncontrollably at
                  | your foes. [a neqoxec]
114028 | Pan      | Lost mutation: Your flesh is very cold resistant. (rC++)
                  | [Jiyva's grace]
114028 | Pan      | Lost mutation: You occasionally shout uncontrollably at
                  | your foes. [Jiyva's grace]
114028 | Pan      | Lost mutation: Your pliable body absorbs attacks. (AC +2,
                  | EV +2) [Jiyva's grace]
114028 | Pan      | Gained mutation: You are covered in slimy tendrils that may
                  | disarm your opponents. [Jiyva's grace]
114028 | Pan      | Gained mutation: One of your tentacles bears a spike.
                  | [Jiyva's grace]
114028 | Pan      | Gained mutation: One of your tentacles bears a nasty spike.
                  | [Jiyva's grace]
114028 | Pan      | Gained mutation: One of your tentacles bears a large
                  | vicious spike. [Jiyva's grace]
114045 | Pan      | Noticed Noiff the pandemonium lord
114052 | Pan      | Killed Noiff the pandemonium lord
114069 | Pan      | Gained mutation: Your system is resistant to poisons.
                  | (rPois) [hidden potential]
114395 | Pan      | Reached skill level 10 in Stealth
114460 | Pan      | Noticed Ragam the pandemonium lord
114466 | Pan      | Killed Ragam the pandemonium lord
114517 | Pan      | Gained mutation: Your magical capacity is low. (-10% MP) [a
                  | neqoxec]
114979 | Pan      | Noticed Sauzeh the pandemonium lord
114985 | Pan      | Killed Sauzeh the pandemonium lord
115077 | Pan      | Found an exit through the horrors of the Abyss.
115158 | Pan      | Lost mutation: One of your tentacles bears a large vicious
                  | spike. [Jiyva's grace]
115158 | Pan      | Lost mutation: You possess an exceptional clarity of mind.
                  | [Jiyva's grace]
115158 | Pan      | Lost mutation: Your flesh is cold resistant. (rC+) [Jiyva's
                  | grace]
115158 | Pan      | Lost mutation: You are extremely strong-willed. (Will+++)
                  | [Jiyva's grace]
115158 | Pan      | Lost mutation: You are highly strong-willed. (Will++)
                  | [Jiyva's grace]
115158 | Pan      | Lost mutation: Your spells are harder to cast, but more
                  | powerful. [Jiyva's grace]
115158 | Pan      | Lost mutation: You are covered in slimy tendrils that may
                  | disarm your opponents. [Jiyva's grace]
115158 | Pan      | Gained mutation: You are covered in slimy tendrils that may
                  | disarm your opponents. [Jiyva's grace]
115158 | Pan      | Gained mutation: Your flesh is heat resistant. (rF+)
                  | [Jiyva's grace]
115158 | Pan      | Gained mutation: Your flesh is very heat resistant. (rF++)
                  | [Jiyva's grace]
115158 | Pan      | Gained mutation: Your flesh is almost immune to the effects
                  | of heat. (rF+++) [Jiyva's grace]
115601 | Pan      | Noticed Xiunu the pandemonium lord
115605 | Pan      | Killed Xiunu the pandemonium lord
115619 | Pan      | Found an exit through the horrors of the Abyss.
116085 | Pan      | Noticed Piron the pandemonium lord
116089 | Pan      | Killed Piron the pandemonium lord
116285 | Pan      | Reached skill level 15 in Stealth
116439 | Pan      | Found an exit through the horrors of the Abyss.
116718 | Pan      | Lost mutation: One of your tentacles bears a nasty spike.
                  | [Jiyva's grace]
116718 | Pan      | Lost mutation: Your flesh is almost immune to the effects
                  | of heat. (rF+++) [Jiyva's grace]
116718 | Pan      | Lost mutation: Your magical capacity is low. (-10% MP)
                  | [Jiyva's grace]
116718 | Pan      | Lost mutation: Your spells are a little harder to cast, but
                  | a little more powerful. [Jiyva's grace]
116718 | Pan      | Lost mutation: You have great hidden genetic potential.
                  | [Jiyva's grace]
116718 | Pan      | Lost mutation: You have hidden genetic potential. [Jiyva's
                  | grace]
116718 | Pan      | Gained mutation: You have a small jelly attached to you
                  | that may absorb projectiles. [Jiyva's grace]
116718 | Pan      | Gained mutation: Your spells are a little harder to cast,
                  | but a little more powerful. [Jiyva's grace]
116718 | Pan      | Gained mutation: Your spells are harder to cast, but more
                  | powerful. [Jiyva's grace]
116718 | Pan      | Gained mutation: Your spells are much harder to cast, but
                  | much more powerful. [Jiyva's grace]
116808 | Pan      | Found a transporter.
117116 | Pan      | Found a transporter.
117212 | Pan      | Identified the ring of the Final Decision {Ice Str+9 Dex-3
                  | SInv}
117223 | Pan      | Identified the ring "Qumu Ulu" {Will+ MP+9 Int+6}
117507 | Pan      | Noticed Naora the pandemonium lord
117511 | Pan      | Killed Naora the pandemonium lord
117520 | Pan      | Identified the +2 hand axe of Dismay {vorpal, rN++ Will+
                  | rCorr Dex-3}
117568 | Pan      | Identified the +0 leather armour of Nitiedgh {rF+ Str+3}
117592 | Pan      | Found an exit through the horrors of the Abyss.
117996 | Pan      | Lost mutation: Your system is resistant to poisons. (rPois)
                  | [Jiyva's grace]
117996 | Pan      | Lost mutation: Your spells are much harder to cast, but
                  | much more powerful. [Jiyva's grace]
117996 | Pan      | Lost mutation: You have a small jelly attached to you that
                  | may absorb projectiles. [Jiyva's grace]
117996 | Pan      | Gained mutation: Your body has grown eyes which may confuse
                  | attackers. (Acc +3) [Jiyva's grace]
117996 | Pan      | Gained mutation: Your body has grown many eyes which may
                  | confuse attackers. (Acc +5) [Jiyva's grace]
117996 | Pan      | Gained mutation: Your body is covered in eyes which may
                  | confuse attackers. (Acc +7, SInv) [Jiyva's grace]
117996 | Pan      | Gained mutation: You have a small jelly attached to you
                  | that senses nearby items. [Jiyva's grace]
118062 | Pan      | Found an exit through the horrors of the Abyss.
118266 | Pan      | Noticed Ikhlo Tomp the pandemonium lord
118270 | Pan      | Killed Ikhlo Tomp the pandemonium lord
118909 | Pan      | Found an exit through the horrors of the Abyss.
118920 | Pan      | Noticed Ogroinwi the pandemonium lord
118928 | Pan      | Killed Ogroinwi the pandemonium lord
119360 | Pan      | Identified the +4 shortbow of the Charming Seer {flame, rC+
                  | rN+}
119531 | Pan      | Lost mutation: You are agile. (Dex +4, Str/Int -1) [Jiyva's
                  | grace]
119531 | Pan      | Lost mutation: Your flesh is very heat resistant. (rF++)
                  | [Jiyva's grace]
119531 | Pan      | Lost mutation: Your body is covered in eyes which may
                  | confuse attackers. (Acc +7, SInv) [Jiyva's grace]
119531 | Pan      | Lost mutation: Armour fits poorly on your pseudopods.
                  | [Jiyva's grace]
119531 | Pan      | Gained mutation: You expend magic power (3 MP) to
                  | strengthen your wands. [Jiyva's grace]
119531 | Pan      | Gained mutation: One of your tentacles bears a nasty spike.
                  | [Jiyva's grace]
119531 | Pan      | Gained mutation: One of your tentacles bears a large
                  | vicious spike. [Jiyva's grace]
119531 | Pan      | Gained mutation: Your mind is acute. (Int +4, Str/Dex -1)
                  | [Jiyva's grace]
119650 | Pan      | Noticed Xejiss the pandemonium lord
119657 | Pan      | Killed Xejiss the pandemonium lord
120130 | Pan      | Found an exit through the horrors of the Abyss.
120330 | Pan      | Found an exit through the horrors of the Abyss.
120608 | Pan      | Noticed Osmosos the pandemonium lord
120621 | Pan      | Killed Osmosos the pandemonium lord
120787 | Pan      | Lost mutation: One of your tentacles bears a large vicious
                  | spike. [Jiyva's grace]
120787 | Pan      | Lost mutation: You are strong-willed. (Will+) [Jiyva's
                  | grace]
120787 | Pan      | Lost mutation: Your spells are harder to cast, but more
                  | powerful. [Jiyva's grace]
120787 | Pan      | Gained mutation: You have acidic saliva. [Jiyva's grace]
120787 | Pan      | Gained mutation: You are partially covered in iridescent
                  | scales. (AC +2) [Jiyva's grace]
120787 | Pan      | Gained mutation: You are mostly covered in iridescent
                  | scales. (AC +4) [Jiyva's grace]
120787 | Pan      | Gained mutation: You are completely covered in iridescent
                  | scales. (AC +6) [Jiyva's grace]
121381 | Pan      | Noticed Siho the pandemonium lord
121384 | Pan      | Killed Siho the pandemonium lord
121762 | Pan      | Found an exit through the horrors of the Abyss.
121947 | Depths:2 | Escaped Pandemonium
122004 | Tar:1    | Entered Level 1 of Tartarus
122021 | Hell     | Learned a level 5 spell: Borgnjor's Vile Clutch
122543 | Tar:3    | You are sucked into a shaft and drop 3 floors!
122613 | Tar:7    | Entered Level 7 of Tartarus
122747 | Tar:7    | Identified the amulet of Finacs {Reflect -Cast rPois Dex+2
                  | SH+5}
122748 | Tar:7    | Identified the amulet of Noijy {Acrobat Drain Dex+6}
122750 | Tar:7    | Identified the +2 scimitar of Roromp {freeze, Int+3}
122908 | Tar:7    | Lost mutation: You have acidic saliva. [Jiyva's grace]
122908 | Tar:7    | Lost mutation: Your body has grown many eyes which may
                  | confuse attackers. (Acc +5) [Jiyva's grace]
122908 | Tar:7    | Lost mutation: You have a small jelly attached to you that
                  | senses nearby items. [Jiyva's grace]
122908 | Tar:7    | Lost mutation: You expend magic power (3 MP) to strengthen
                  | your wands. [Jiyva's grace]
122908 | Tar:7    | Gained mutation: You have hidden genetic potential.
                  | [Jiyva's grace]
122908 | Tar:7    | Gained mutation: You have great hidden genetic potential.
                  | [Jiyva's grace]
122908 | Tar:7    | Gained mutation: Your spells are harder to cast, but more
                  | powerful. [Jiyva's grace]
122908 | Tar:7    | Gained mutation: Your spells are much harder to cast, but
                  | much more powerful. [Jiyva's grace]
123298 | Tar:7    | Identified the +7 glaive of Sengut {vorpal, rPois Will+
                  | Str-5 Dex+4}
123298 | Tar:7    | Noticed Ereshkigal
123302 | Tar:7    | Killed Ereshkigal
123312 | Tar:7    | Identified the +2 long sword "Quetill" {drain, rN+}
123317 | Tar:7    | Got a bone rune of Zot
123757 | Tar:7    | Identified the +3 plate armour "Peutucech" {Dex+4 Stlth-}
124460 | Geh:1    | Entered Level 1 of Gehenna
124834 | Geh:2    | Reached skill level 27 in Stealth
125019 | Geh:3    | Gained mutation: One of your tentacles bears a large
                  | vicious spike. [hidden potential]
125361 | Geh:6    | Lost mutation: One of your tentacles bears a large vicious
                  | spike. [Jiyva's grace]
125361 | Geh:6    | Lost mutation: One of your tentacles bears a nasty spike.
                  | [Jiyva's grace]
125361 | Geh:6    | Lost mutation: You are completely covered in iridescent
                  | scales. (AC +6) [Jiyva's grace]
125361 | Geh:6    | Lost mutation: You have great hidden genetic potential.
                  | [Jiyva's grace]
125361 | Geh:6    | Gained mutation: Your natural rate of healing is unusually
                  | fast. [Jiyva's grace]
125361 | Geh:6    | Gained mutation: You heal very quickly. [Jiyva's grace]
125361 | Geh:6    | Gained mutation: You regenerate. [Jiyva's grace]
125361 | Geh:6    | Gained mutation: One of your tentacles bears a nasty spike.
                  | [Jiyva's grace]
125401 | Geh:7    | Entered Level 7 of Gehenna
125433 | Geh:7    | Reached skill level 10 in Evocations
126245 | Geh:7    | Found the +7 sceptre of Asmodeus
126245 | Geh:7    | Noticed Asmodeus
126248 | Geh:7    | Killed Asmodeus
126249 | Geh:7    | Reached skill level 15 in Evocations
126258 | Geh:7    | Got an obsidian rune of Zot
126438 | Coc:1    | Entered Level 1 of Cocytus
126582 | Coc:2    | Noticed a dread lich
126587 | Coc:2    | Killed a dread lich
126686 | Coc:3    | Gained mutation: You are covered in fur. (AC +1) [hidden
                  | potential]
126686 | Coc:3    | Lost mutation: You have hidden genetic potential. [hidden
                  | potential expressed]
126894 | Coc:5    | Paralysed by a wendigo for 1 turns
127018 | Coc:6    | Reached skill level 27 in Spellcasting
127030 | Coc:6    | Reached skill level 1 in Earth Magic
127083 | Coc:7    | Entered Level 7 of Cocytus
127106 | Coc:7    | Reached skill level 5 in Earth Magic
127389 | Coc:7    | Reached skill level 10 in Earth Magic
127980 | Coc:7    | Reached skill level 15 in Earth Magic
128014 | Coc:7    | Identified the amulet "Nitoli" {Spirit Dex+2 Stlth+}
128014 | Coc:7    | Noticed Antaeus
128017 | Coc:7    | Killed Antaeus
128029 | Coc:7    | Got an icy rune of Zot
128682 | Dis:1    | Entered Level 1 of the Iron City of Dis
128697 | Dis:1    | Lost mutation: One of your tentacles bears a nasty spike.
                  | [Jiyva's grace]
128697 | Dis:1    | Lost mutation: You regenerate. [Jiyva's grace]
128697 | Dis:1    | Lost mutation: You heal very quickly. [Jiyva's grace]
128697 | Dis:1    | Lost mutation: You are covered in fur. (AC +1) [Jiyva's
                  | grace]
128697 | Dis:1    | Lost mutation: Your body has grown eyes which may confuse
                  | attackers. (Acc +3) [Jiyva's grace]
128697 | Dis:1    | Gained mutation: You are partially covered in large bone
                  | plates. (SH +4) [Jiyva's grace]
128697 | Dis:1    | Gained mutation: You are mostly covered in large bone
                  | plates. (SH +6) [Jiyva's grace]
128697 | Dis:1    | Gained mutation: You are completely covered in large bone
                  | plates. (SH +8) [Jiyva's grace]
128697 | Dis:1    | Gained mutation: You have a small jelly attached to you
                  | that may absorb projectiles. [Jiyva's grace]
129086 | Dis:4    | You are sucked into a shaft and drop 2 floors!
129086 | Dis:6    | Noticed an ancient lich
129086 | Dis:6    | Noticed an ancient lich
129088 | Dis:6    | Killed an ancient lich
129096 | Dis:6    | Noticed a royal mummy
129096 | Dis:6    | Killed an ancient lich
129104 | Dis:6    | Killed a royal mummy
129216 | Dis:6    | Noticed a royal mummy
129222 | Dis:6    | Killed a royal mummy
129418 | Dis:7    | Entered Level 7 of the Iron City of Dis
129825 | Dis:7    | Noticed a juggernaut
129826 | Dis:7    | Found the +8 demon blade "Leech" {vamp, Harm Drain rN+}
129835 | Dis:7    | Killed a juggernaut
129849 | Dis:7    | Identified the amulet of Kijit Vug {RegenMP rN+ Dex+4}
129855 | Dis:7    | Got the Folio of Earth
130868 | Dis:7    | Noticed a juggernaut
130873 | Dis:7    | Killed a juggernaut
130958 | Dis:7    | Lost mutation: You are mostly covered in iridescent scales.
                  | (AC +4) [Jiyva's grace]
130958 | Dis:7    | Lost mutation: Your spells are much harder to cast, but
                  | much more powerful. [Jiyva's grace]
130958 | Dis:7    | Lost mutation: You are covered in slimy tendrils that may
                  | disarm your opponents. [Jiyva's grace]
130958 | Dis:7    | Gained mutation: Your muscles are strong. (Str +4, Int/Dex
                  | -1) [Jiyva's grace]
130958 | Dis:7    | Gained mutation: Your muscles are very strong. (Str +8,
                  | Int/Dex -2) [Jiyva's grace]
130958 | Dis:7    | Gained mutation: Your spells are much harder to cast, but
                  | much more powerful. [Jiyva's grace]
130958 | Dis:7    | Gained mutation: Your mind is very acute. (Int +8, Str/Dex
                  | -2) [Jiyva's grace]
131158 | Dis:7    | Noticed the Serpent of Hell
131167 | Dis:7    | Killed the Serpent of Hell
131313 | Dis:7    | Found the +4 staff of Dispater
131313 | Dis:7    | Noticed Dispater
131317 | Dis:7    | Killed Dispater
131324 | Dis:7    | Got the Almanac of Violent Flames
131326 | Dis:7    | Got an iron rune of Zot
131341 | Dis:7    | Identified the +3 battleaxe "Ziptis" {holy, Will+++ rCorr
                  | MP+9 Stlth-}
131366 | Dis:7    | Identified the +7 mace of the Tentacled God {freeze, MP+9}
132013 | Crypt:3  | Learned a level 8 spell: Summon Horrible Things
132023 | Crypt:3  | Learned a level 9 spell: Shatter
132176 | Tomb:2   | Noticed a royal mummy
132176 | Tomb:2   | Noticed a royal mummy
132176 | Tomb:2   | Noticed a royal mummy
132176 | Tomb:2   | Noticed a royal mummy
132184 | Tomb:2   | Killed a royal mummy
132195 | Tomb:2   | Killed a royal mummy
132199 | Tomb:2   | Killed a royal mummy
132206 | Tomb:2   | Killed a royal mummy
132623 | Tomb:1   | Noticed a royal mummy
132626 | Tomb:1   | Noticed a royal mummy
132627 | Tomb:1   | Noticed a royal mummy
132628 | Tomb:1   | Killed a royal mummy
132628 | Tomb:1   | Noticed a royal mummy
132628 | Tomb:1   | Noticed a royal mummy
132628 | Tomb:1   | Noticed a royal mummy
132630 | Tomb:1   | Killed a royal mummy
132632 | Tomb:1   | Noticed a royal mummy
132634 | Tomb:1   | Killed a royal mummy
132635 | Tomb:1   | Noticed a royal mummy
132636 | Tomb:1   | Killed a royal mummy
132638 | Tomb:1   | Noticed a royal mummy
132747 | Tomb:1   | Noticed a royal mummy
132750 | Tomb:1   | Noticed a royal mummy
132751 | Tomb:1   | Killed a royal mummy
132755 | Tomb:1   | Killed a royal mummy
132757 | Tomb:1   | Killed a royal mummy
132757 | Tomb:1   | Killed a royal mummy
132891 | Tomb:1   | Killed a royal mummy
132896 | Tomb:1   | Killed a royal mummy
132897 | Tomb:1   | Killed a royal mummy
133006 | Tomb:1   | Noticed a royal mummy
133018 | Tomb:1   | Killed a royal mummy
133090 | Tomb:1   | Noticed a royal mummy
133090 | Tomb:1   | Noticed a royal mummy
133094 | Tomb:1   | Killed a royal mummy
133096 | Tomb:1   | Killed a royal mummy
133181 | Tomb:1   | Noticed a royal mummy
133183 | Tomb:1   | Noticed a royal mummy
133185 | Tomb:1   | Noticed a royal mummy
133185 | Tomb:1   | Killed a royal mummy
133186 | Tomb:1   | Noticed a royal mummy
133235 | Tomb:1   | Killed a royal mummy
133238 | Tomb:1   | Killed a royal mummy
133275 | Tomb:1   | Noticed a royal mummy
133277 | Tomb:1   | Noticed a royal mummy
133279 | Tomb:1   | Killed a royal mummy
133284 | Tomb:1   | Killed a royal mummy
133311 | Tomb:1   | Noticed a royal mummy
133316 | Tomb:1   | Noticed a royal mummy
133318 | Tomb:1   | Killed a royal mummy
133324 | Tomb:1   | Killed a royal mummy
133324 | Tomb:1   | Killed a royal mummy
133371 | Tomb:1   | Noticed a royal mummy
133372 | Tomb:1   | Noticed a royal mummy
133376 | Tomb:1   | Killed a royal mummy
133379 | Tomb:1   | Killed a royal mummy
133512 | Tomb:1   | Noticed a royal mummy
133512 | Tomb:1   | Noticed a royal mummy
133551 | Tomb:1   | Killed a royal mummy
133553 | Tomb:1   | Killed a royal mummy
133557 | Tomb:1   | Noticed a royal mummy
133579 | Tomb:1   | Killed a royal mummy
133672 | Tomb:1   | Noticed a royal mummy
133674 | Tomb:1   | Noticed a royal mummy
133714 | Tomb:1   | Killed a royal mummy
133841 | Tomb:1   | Noticed a royal mummy
133844 | Tomb:1   | Killed a royal mummy
133847 | Tomb:1   | Killed a royal mummy
134321 | Tomb:3   | Entered Level 3 of the Tomb of the Ancients
134362 | Tomb:3   | Noticed a royal mummy
134370 | Tomb:3   | Killed a royal mummy
134488 | Tomb:3   | Noticed a royal mummy
134490 | Tomb:3   | Noticed a royal mummy
134490 | Tomb:3   | Noticed a royal mummy
134495 | Tomb:3   | Killed a royal mummy
134500 | Tomb:3   | Killed a royal mummy
134645 | Tomb:3   | Killed a royal mummy
134784 | Tomb:3   | Found the +2 cloak of the Thief {*Fog Slay-2 SInv Stlth+}
134787 | Tomb:3   | Identified the +5 broad axe "Ureingotikk" {elec, Int+8}
134796 | Tomb:3   | Identified the +0 chain mail "Epoaz" {rC++ Str+2 Dex-4
                  | Stlth+}
134798 | Tomb:3   | Identified the ring "Witut" {rN+ Str+5}
134800 | Tomb:3   | Identified the ring of the King {Will+ Int+6}
134803 | Tomb:3   | Identified the +5 plate armour of Xom's Esteem {rPois rN++
                  | Int-3 Stlth+}
134807 | Tomb:3   | Got the Directory of the Transformed Assassin
134814 | Tomb:3   | Learned a level 2 spell: Wereblood
134828 | Tomb:3   | Paralysed by a Zot trap for 3 turns
134916 | Tomb:3   | Noticed a royal mummy
134928 | Tomb:3   | Noticed a royal mummy
134952 | Tomb:3   | Killed a royal mummy
134970 | Tomb:3   | Noticed a royal mummy
134972 | Tomb:3   | Killed a royal mummy
134978 | Tomb:3   | Killed a royal mummy
134983 | Tomb:3   | Noticed a royal mummy
134985 | Tomb:3   | Noticed a royal mummy
134987 | Tomb:3   | Killed a royal mummy
134988 | Tomb:3   | Killed a royal mummy
135227 | Tomb:3   | Got a golden rune of Zot
135981 | Zot:5    | Got the Orb of Zot
136347 | D:14     | Reached skill level 27 in Earth Magic
136424 | D:11     | Noticed Zemash the pandemonium lord
136426 | D:11     | Killed Zemash the pandemonium lord
136594 | D:6      | Noticed Huqurhoh the pandemonium lord
136597 | D:6      | Killed Huqurhoh the pandemonium lord
136915 | D:$      | Escaped with the Orb!

Illustrated notes

Levels and vault maps discovered:
D:1:      dpeg_arrival_caged_fury, layout_loops_ring,
          chequers_ecumenical_altar_twisty, st_stairs_11, chequers_garden,
          minivault_23
D:2:      layout_loops_corners, minivault_27
D:3:      layout_loops_ring, serial_shops, nicolae_shop_crystal,
          minmay_diced_spiral
D:4:      layout_rooms, kennysheep_mini_moat, mainiacjoe_overflow_24_doors
D:5:      layout_loops_ring
D:6:      kennysheep_steamy, layout_cave_pools, minmay_temple_entry_arrows,
          uniq_eustachio
D:7:      layout_loops_ring
D:8:      layout_basic, minitemple, hellmonk_ghost_big_iron, uniq_grum,
          uniq_maurice, uniq_joseph, uniq_erica
D:9:      layout_roguey, nicolae_ru_awakened_eye,
          mainiacjoe_overflow_tiny_flanked, mainiacjoe_overflow_alcove_1
D:10:     layout_long_grid, mainiacjoe_overflow_brackets, dpeg_oklobed_lair,
          enter_bailey_7, nicolae_trove_entry_isolated,
          hellmonk_bongcloud_opening
D:11:     layout_cave_pods, centaur_isle
D:12:     minmay_expanding_circles, layout_irregular_city, zombieorc2_lemuel,
          nicolae_vehumet_radiance, uniq_fannar, uniq_nergalle, uniq_azrael
D:13:     minmay_heptahexagon, layout_cave_pools
D:14:     layout_roguey, hangedman_vaults_entry_quadrant_bands,
          nicolae_gozag_seed_capital
D:15:     hangedman_depths_entry_civil_slaughter, layout_stronghold,
          xom_redecorated
Temple:   pdpol_scorched_temple
Lair:1:   layout_gridlike, basic_altar, dreamdust_gnoll_shepherd
Lair:2:   layout_regular_city, minmay_snake_entry_spellcaster,
          serial_bayou_pond_b, chequers_serial_rivers_room_b,
          serial_bayou_pond_c, nicolae_lair_run_with_the_wolves,
          grunt_megastairs_4, uniq_prince_ribbit2
Lair:3:   layout_hall_layers, minmay_shoals_entry_beasts, minmay_lindwurm_lava
Lair:4:   layout_big_grid
Lair:5:   hellmonk_lair_end_abyssal_woods, layout_gridlike,
          dpeg_slime_entry_enclosed, infiniplex_staircase_pool_2,
          serial_bayou_shore_b
Shoals:1: layout_shoals
Shoals:2: layout_shoals, uniq_frances
Shoals:3: layout_shoals
Shoals:4: shoals_end_hellmonk_storm_palace [storm_palace_center_square,
          storm_palace_corner_grid, storm_palace_corner_pillars,
          storm_palace_corner_blocked, storm_palace_corner_pillars],
          uniq_polyphemus
Snake:1:  layout_chambers, ebering_ghost_gozag
Snake:2:  layout_concentric_octagons, uniq_aizul
Snake:3:  layout_cave_pods, serial_shops, shop, nicolae_integral_box
Snake:4:  snake_pit_salamanders_mu, layout_cave_town, serial_shops,
          nicolae_shop_overgrown_old_shop, serial_bayou_shore_b, uniq_vashnia
Slime:1:  nicolae_slime_pool, layout_caves
Slime:2:  layout_caves
Slime:3:  layout_caves, basic_altar, uniq_dissolution
Slime:4:  layout_caves
Slime:5
Orc:1:    layout_caves, serial_shops, nicolae_shop_statue_plus,
          nicolae_orc_lava_room
Orc:2:    st_orc_town, layout_caves, basic_altar, uniq_sonja
Elf:1:    eino_elf_arrival_customs, layout_loops_cross,
          hangedman_corner_corridor
Elf:2:    elven_hall_of_blades_hangedman_original [nicolae_blade_bullseye],
          layout_gridlike, serial_shops, shop, feat_on_display
Elf:3:    grunt_elf_hall_branching, layout_loops_ring, special_room
          [special_room_orc], serial_shops, nicolae_shop_bloodbath_and_beyond,
          moated_statue, uniq_nikola
Vaults:1: nicolae_vaults_rhombus_5, v_misc_32, v_pattern_5, grunt_vaults_twisty,
          grunt_vaults_hallway_short, vaults_room_fours, hangedman_vaults_trim,
          v_misc_22, v_misc_2, layout_vaults_quadrants
Vaults:2: st_hourglassy, minmay_crypt_entry_simple_corners,
          vaults_mumra_minichess, v_misc_19, v_misc_26, v_misc_3,
          nicolae_vaults_angled_halls, not_door_vault_mu, vaults_room_grid,
          nicolae_vaults_network_quincunx
          [nicolae_vaults_network_quincunx_subvault,
          nicolae_vaults_network_quincunx_subvault,
          nicolae_vaults_network_quincunx_subvault,
          nicolae_vaults_network_quincunx_subvault,
          nicolae_vaults_network_quincunx_subvault], nicolae_vaults_triangles,
          ontoclasm_vaults_hangar, v_rooms_1, v_misc_15,
          ontoclasm_vaults_loading_screen, vaults_room_stairs_pillars,
          layout_vaults_maze, serial_shops, nicolae_shop_trees
Vaults:3: ontoclasm_vaults_decontamination, ontoclasm_vaults_ring_small,
          ontoclasm_vaults_pinch, st_check, vaults_room_pool, v_misc_27,
          nicolae_vaults_asterisk, nicolae_vaults_bisected_slash,
          nicolae_vaults_network_square, ontoclasm_vaults_eye,
          vaults_dpeg_hooks, hangedman_vaults_impose, layout_vaults_omnibox
Vaults:4: v_misc_16, vaults_room_hallway, vaults_room_hangedman_quadrants,
          grunt_vaults_trifunnel, v_misc_31, v_misc_8, vaults_mumra_hexcomb,
          nicolae_vaults_yaktaur_gun_rack, vaults_room_hallway, v_misc_18,
          ontoclasm_vaults_gateway, ontoclasm_vaults_idyll,
          nicolae_vaults_rhombus_6, layout_vaults_omnicross, serial_shops,
          nicolae_shop_crystal
Vaults:5: uniq_margery
Crypt:1:  layout_basic, lemuel_upstairs_altar, grunt_crypt_arrival_guarded_gate,
          uniq_mennas, uniq_boris
Crypt:2:  layout_misc_corridors
Crypt:3:  church_of_pain_bobbens, layout_chaotic_city, minmay_strange_pillars,
          minivault_4, st_stairs_5, uniq_saint_roka
Tomb:1
Tomb:2
Tomb:3
Depths:1: layout_basic, pf_dread_powers_of_hell, minivault_1,
          minmay_the_grid_square_5x5_3x3_mashed
          [minmay_the_grid_square_5x5_inner_v,
          minmay_the_grid_square_5x5_checkered,
          minmay_the_grid_square_5x5_three, minmay_the_grid_square_5x5_bridge,
          minmay_the_grid_square_5x5_megaprize_hollow,
          minmay_the_grid_square_5x5_minimal,
          minmay_the_grid_square_5x5_six_small,
          minmay_the_grid_square_5x5_broken_cross,
          minmay_the_grid_square_5x5_fancy_junction]
Depths:2: cheibrodos_spurs, layout_basic, enter_ziggurat_a, hell_entry,
          rand_demon_pan_entry_8, hangedman_decor_peaks_small,
          chequers_serial_rivers_large_a, chequers_serial_rivers_small_3,
          serial_bayou_shore_b, minmay_staircase_windowed_small, firewood_loft,
          uniq_vv
Depths:3: minmay_cut_squares, layout_gridlike, hell_entry,
          hangedman_abyss_entry_splay, minmay_shoptagon
Depths:4: evilmike_zot_entry_round, layout_gridlike,
          grunt_hell_entry_demonic_statue, abyss_entry_flame_altar,
          serial_shops, shop_coins, yredelemnul_altar_generic
Hell
Dis:1:    layout_gridville
Dis:2:    layout_subdivisions
Dis:3:    layout_subdivisions, glass_columns_b
Dis:4:    layout_subdivisions, nicolae_dis_big_boring_drill
Dis:6:    layout_jigsaw, lemuel_mystery_crypt
Dis:7:    dis_st
Geh:1:    layout_gehenna_lava_caves
Geh:2:    layout_gehenna_lava_caves
Geh:3:    layout_gehenna_lava_caves
Geh:4:    layout_gehenna_pools_box
Geh:5:    layout_gehenna_lava_caves
Geh:6:    layout_gehenna_lava_caves
Geh:7:    geh_old
Coc:1:    layout_ice_bergs
Coc:2:    layout_ice_bergs
Coc:3:    layout_ice_bergs
Coc:4:    layout_cocytus_delve
Coc:5:    layout_ice_bergs
Coc:6:    layout_cocytus_delve
Coc:7:    coc_grunt_cove [coc_grunt_cove_antaeus, coc_grunt_cove_fiend,
          coc_grunt_cove_fiend, coc_grunt_cove_fiend, coc_grunt_cove_fiend]
Tar:1:    layout_grid_maze, nicolae_tar_spectre_spectrum
Tar:2:    layout_cathedral_of_symmetry, nicolae_tar_combstack
Tar:3:    layout_cathedral_of_symmetry, nicolae_tar_four_comb_rooms
Tar:6:    layout_catacombs
Tar:7:    tar_minmay_river
Zot:1:    layout_misc_corridors, amethyst_zot_foddershock, grunt_megastairs_2
Zot:2:    hellmonk_paralyzer, layout_gridlike, gammafunk_ghost_mausoleum
Zot:3:    kennysheep_ambush_hall, layout_gridlike, zot_minivault_3
Zot:4:    dreamdust_black_sun_cult, layout_twisted_circle, st_stairs_9,
          hangedman_swamp_dais
Zot:5:    layout_twisted_circle

Skill      XL: |  1  2  3  4  5  6  7  8  9 10 11 12 13 14 15 16 17 18 19 20 21 22 23 24 25 26 27 |
---------------+----------------------------------------------------------------------------------+-----
Stealth        | 3 4 27 | 27.0
Summonings     | 5 6 7 9 11 12 15 16 17 18 19 | 19.0
Spellcasting   | 3 4 6 8 9 10 27 | 27.0
Air Magic      | 4 5 6 10 13 14 15 16 17 18 19 20 21 27 | 27.0
Fighting       | 3 4 6 8 10 12 14 16 17 18 19 20 21 27 | 27.0
Dodging        | 3 4 6 8 9 10 12 13 14 15 16 17 18 19 27 | 27.0
Short Blades   | 3 |  3.0
Transmutations | 4 6 8 11 14 15 16 17 18 19 20 21 27 | 27.0
Ice Magic      | 2 3 |  3.0
Unarmed Combat | 4 5 8 10 11 13 14 15 16 27 | 27.0
Evocations     | 5 18 | 18.3
Translocations | 9 |  9.0
Necromancy     | 27 | 27.0
Earth Magic    | 27 | 27.0

Action                   |  1- 3 |  4- 6 |  7- 9 | 10-12 | 13-15 | 16-18 | 19-21 | 22-24 | 25-27 || total
-------------------------+-------+-------+-------+-------+-------+-------+-------+-------+-------++-------
Melee: Short sword       |     3 |       |       |       |       |       |       |       |       ||     3
       Dagger            |    24 |    59 |    64 |   103 |   116 |       |     2 |       |     1 ||   369
       Constrict         |     4 |    12 |    21 |    22 |    25 |       |       |       |    23 ||   107
       Tentacles         |     1 |     8 |    12 |    36 |    37 |       |       |       |    48 ||   142
       Punch             |       |       |     3 |     3 |     3 |    16 |    78 |   118 |  1202 ||  1423
       Unarmed           |       |       |    12 |       |   132 |   468 |   772 |   883 |  8905 || 11172
       Great sword       |       |       |       |       |       |       |       |       |   130 ||   130
       Kick              |       |       |       |       |       |       |       |       |    71 ||    71
       Pseudopods        |       |       |       |       |       |       |       |       |    16 ||    16
       Bite              |       |       |       |       |       |       |       |       |    14 ||    14
 Cast: Summon Small Mamm |    18 |     2 |       |       |       |       |       |       |       ||    20
       Call Imp          |     8 |     8 |     2 |     3 |       |       |       |       |       ||    21
       Call Canine Famil |       |    13 |    37 |    58 |    18 |     1 |       |       |       ||   127
       Summon Guardian G |       |     1 |     1 |     5 |       |       |       |       |       ||     7
       Summon Lightning  |       |       |     9 |    45 |    47 |    33 |     7 |       |       ||   141
       Summon Cactus Gia |       |       |       |     8 |    53 |     7 |     2 |       |       ||    70
       Monstrous Menager |       |       |       |       |    99 |   186 |    70 |    13 |    19 ||   387
       Ice Form          |       |       |       |       |    29 |    40 |     4 |       |       ||    73
       Storm Form        |       |       |       |       |       |    71 |    92 |    72 |   958 ||  1193
       Manifold Assault  |       |       |       |       |       |       |       |       |  1059 ||  1059
       Maxwell's Capacit |       |       |       |       |       |       |       |       |    83 ||    83
       Wereblood         |       |       |       |       |       |       |       |       |     3 ||     3
       Borgnjor's Revivi |       |       |       |       |       |       |       |       |     1 ||     1
Invok: Potion Petition   |       |       |       |       |     4 |       |       |       |       ||     4
       Call Merchant     |       |       |       |       |       |     2 |     3 |       |       ||     5
 Abil: Blinkbolt         |       |       |       |       |       |     3 |    10 |     7 |    74 ||    94
Evoke: Wand              |       |       |       |     8 |    25 |     1 |     7 |       |     7 ||    48
  Use: Scroll            |       |     7 |       |    15 |    16 |     5 |     2 |     5 |    48 ||    98
       Potion            |       |       |     4 |     2 |     2 |     1 |     2 |     2 |    48 ||    61
 Stab: Sleeping          |    11 |    11 |     2 |     2 |     2 |     7 |    13 |     7 |    87 ||   142
       Distracted        |       |     1 |     1 |     1 |     5 |    15 |    12 |     5 |    90 ||   130
       Paralysed         |       |       |       |       |       |     6 |    11 |       |     2 ||    19
       Petrified         |       |       |       |       |       |       |     4 |       |       ||     4
       Petrifying        |       |       |       |       |       |       |     2 |       |       ||     2
       Confused          |       |       |       |       |       |       |     3 |       |     3 ||     6
Armor: Skin              |     8 |     5 |    16 |    17 |    67 |   151 |   185 |   135 |   687 ||  1271
Dodge: Dodged            |    23 |    41 |   112 |    88 |   244 |   616 |  1140 |   880 |  6500 ||  9644
Block: Other             |       |       |       |       |       |       |       |       |     3 ||     3
